 Dungeon Crawl Stone Soup version 0.27-a0-262-gc50aac273e (webtiles) character file.

Game seed: 5271956392762588430

1037383 Gieldon the Conqueror (level 27, -6/188 (199) HPs)
             Began as a Gargoyle Earth Elementalist on Jan 31, 2021.
             Was the Champion of Vehumet.
             Killed by a guardian mummy's death curse (17 damage)
             ... on level 25 of a ziggurat on Feb 4, 2021.
             The game lasted 06:20:36 (92538 turns).

Gieldon the Conqueror (GrEE)                       Turns: 92538, Time: 06:20:37

HP:   -6/188 (199)  AC: 46    Str: 13 (14) XL:     27
MP:   72/72         EV: 34    Int: 40      God:    Vehumet [******]
Gold: 11416         SH:  0    Dex: 25 (26) Spells: 20/80 levels left

rFire    + + +     SeeInvis +   i - +10 eveningstar "Pyh Tet" {protect, rF+}
rCold    + + .     Faith    .   (no shield)
rNeg     + . .     Spirit   .   C - +5 steam dragon scales
rPois    ∞         Reflect  .   d - +0 helmet of Zoptaroc {rF+ Int+4 SInv}
rElec    +         Harm     .   c - scarf {+Inv}
rCorr    .         Rampage  .   S - +5 pair of gloves of Charity {Dex+4}
Will     +....                  s - +2 pair of boots {run}
Stlth    ++++++++..             v - amulet "Zisukk" {rC++ Regen+ MP+9 Int+3 Dex+2}
HPRegen  0.81/turn              E - ring "Ofocimup" {rF+ Will- AC+4 Dex+6}
MPRegen  0.43/turn              U - ring "Forio" {MP+9 Int+6 SInv}

@: flying, slowed, studying 7 skills, drained, very slow
A: big wings, claws 2, hooves 1, thin skeletal structure 1, agile 1, fire
resistance 1, negative energy resistance 1, electricity resistance, unbreathing,
petrification resistance, miasma immunity, AC +20
}: 5/15 runes: serpentine, barnacled, slimy, silver, abyssal
a: Stop Flying, Renounce Religion, Evoke Invisibility


You were on level 25 of a ziggurat.
You worshipped Vehumet.
Vehumet was exalted by your worship.
You visited 11 branches of the dungeon, and saw 53 of its levels.
You visited the Abyss 2 times.
You visited 1 bazaar.
You visited 2 ziggurats (completing 1), and saw 52 of their levels.
You also visited: Ice Cave and Desolation.

You collected 14971 gold pieces.
You spent 3555 gold pieces at shops.

Inventory:

Hand Weapons
 h - the +7 great mace "Firestarter" {inner flame, rF++}
   (You took it off a ragged hierophant in the Desolation of Salt)

   It has been specially enchanted to burn those struck by it, causing extra
   injury to most foes and up to half again as much damage against particularly
   susceptible opponents.
   It greatly protects you from fire.
 i - the +10 eveningstar "Pyh Tet" (weapon) {protect, rF+}
   (You acquired it on level 4 of the Vaults)

   It grants its wielder temporary protection when it strikes (+7 to AC).
   It protects you from fire.
Missiles
 H - 9 throwing nets
Armour
 c - a scarf of invisibility (worn)
 d - the +0 helmet of Zoptaroc (worn) {rF+ Int+4 SInv}
   (You found it on level 2 of a ziggurat)

   It affects your intelligence (+4).
   It protects you from fire.
   It lets you see invisible.
 s - a +2 pair of boots of running (worn)
 C - +5 steam dragon scales (worn)
 O - the +3 robe of Clouds {+Thunder rCloud rElec}
   (You found it on level 24 of a ziggurat)

   It insulates you from electricity.
 S - the +5 pair of gloves of Charity (worn) {Dex+4}
   (You acquired it on level 12 of a ziggurat)

   It affects your dexterity (+4).
 Y - the +2 hood of the Assassin {Detection Stab+ Stlth++}
   (You acquired it on level 3 of the Abyss)

   It makes you much more stealthy.
Jewellery
 l - the ring of Dekkosin {Wiz Will++}
   (You found it on level 24 of a ziggurat)

   [ring of wizardry]

   It improves your spell success rate.
   It affects your willpower, your defense against some magical effects.
 t - the ring of Refoog {rPois rCorr Int+4 SInv Stlth+}
   (You found it on level 23 of a ziggurat)

   [ring of resist corrosion]

   It affects your intelligence (+4).
   It protects you from poison.
   It lets you see invisible.
   It provides partial protection from all sources of acid and corrosion.
   It makes you more stealthy.
 v - the amulet "Zisukk" (around neck) {rC++ Regen+ MP+9 Int+3 Dex+2}
   (You found it on level 17 of a ziggurat)

   [amulet of regeneration]

   It affects your intelligence (+3).
   It affects your dexterity (+2).
   It greatly protects you from cold.
   It affects your magic capacity (+9).
   It increases your rate of regeneration.
 y - the amulet "Tatorio" {RegenMP Int+2}
   (You found it in the Desolation of Salt)

   [amulet of magic regeneration]

   It increases your magic regeneration.
   It affects your intelligence (+2).
 E - the ring "Ofocimup" (left hand) {rF+ Will- AC+4 Dex+6}
   (You found it on level 10 of a ziggurat)

   [ring of protection]

   It affects your AC (+4).
   It affects your dexterity (+6).
   It protects you from fire.
   It affects your willpower, your defense against some magical effects.
 U - the ring "Forio" (right hand) {MP+9 Int+6 SInv}
   (You found it on level 25 of a ziggurat)

   [ring of see invisible]

   It affects your intelligence (+6).
   It affects your magic capacity (+9).
   It lets you see invisible.
Wands
 b - a wand of mindburst (20)
 q - a wand of acid (26)
 W - a wand of iceblast (40)
Scrolls
 a - 11 scrolls of fog
 e - 43 scrolls of teleportation
 f - 47 scrolls of identify
 g - 11 scrolls of blinking
 k - 15 scrolls of magic mapping
 n - 5 scrolls of enchant armour
 o - 53 scrolls of remove curse
 r - 2 scrolls of holy word
 F - 7 scrolls of amnesia
 P - 3 scrolls of summoning
Potions
 j - 5 potions of curing
 m - 22 potions of experience
 p - 5 potions of cancellation
 x - 3 potions of brilliance
 I - 8 potions of magic
 L - 33 potions of mutation
 R - 7 potions of might
 T - 5 potions of haste
 V - a potion of resistance
 X - 3 potions of heal wounds
 Z - 2 potions of berserk rage
Miscellaneous
 u - a condenser vane
 z - a box of beasts
 G - a lightning rod (4/4)
 J - a phantom mirror
 N - a tin of tremorstones (2/2)


   Skills:
 O Level 27 Fighting
 - Level 16.0 Maces & Flails
 - Level 6.0 Armour
 - Level 18.8 Dodging
 - Level 16.8 Stealth
 O Level 27 Spellcasting
 - Level 20.0 Conjurations
 - Level 0.7 Transmutations
 - Level 22.0 Fire Magic
 - Level 20.0 Ice Magic
 + Level 19.7 Air Magic
 - Level 22.0 Earth Magic
 - Level 10.0 Evocations


You had 20 spell levels left.
You knew the following spells:

 Your Spells              Type           Power        Failure   Level
a - Shatter               Erth           62%          1%          9
b - Stone Arrow           Conj/Erth      100%         0%          3
c - Lee's Rapid Deconstr  Erth           62%          0%          5
d - Lehudib's Crystal Sp  Conj/Erth      61%          1%          8
e - Tornado               Air            59%          2%          9
f - Fire Storm            Conj/Fire      61%          1%          9
g - Ignition              Fire           62%          1%          8
h - Absolute Zero         Ice            60%          2%          9

Your spell library contained the following spells:

 Spells                   Type           Power        Failure   Level
 Chain Lightning          Conj/Air       59%          1%          8
 Foxfire                  Conj/Fire      100%         0%          1
 Freeze                   Ice            100%         0%          1
 Magic Dart               Conj           100%         0%          1
 Sandblast                Erth           100%         0%          1
 Shock                    Conj/Air       100%         0%          1
 Corpse Rot               Necr/Air       N/A          0%          2
 Ensorcelled Hibernation  Hex/Ice        100%         0%          2
 Passwall                 Tmut/Erth      81%          0%          2
 Poisonous Vapours        Pois/Air       100%         0%          2
 Searing Ray              Conj           100%         0%          2
 Swiftness                Air            100%         0%          2
 Conjure Flame            Conj/Fire      100%         0%          3
 Dazzling Flash           Conj/Hex       100%         0%          3
 Frozen Ramparts          Ice            100%         0%          3
 Inner Flame              Hex/Fire       97%          0%          3
 Mephitic Cloud           Conj/Pois/Air  100%         0%          3
 Ozocubu's Armour         Ice            100%         0%          3
 Static Discharge         Conj/Air       100%         0%          3
 Airstrike                Air            59%          0%          4
 Hailstorm                Conj/Ice       100%         0%          4
 Sticky Flame             Conj/Fire      100%         0%          4
 Bolt of Magma            Conj/Fire/Erth 61%          0%          5
 Fireball                 Conj/Fire      61%          0%          5
 Iskenderun's Battlesphe  Conj           100%         0%          5
 Lightning Bolt           Conj/Air       59%          0%          5
 Conjure Ball Lightning   Conj/Air       59%          0%          6
 Freezing Cloud           Conj/Ice/Air   59%          0%          6
 Iron Shot                Conj/Erth      61%          0%          6
 Starburst                Conj/Fire      61%          0%          6
 Animate Skeleton         Necr           100%         1%          1
 Apportation              Tloc           100%         1%          1
 Beastly Appendage        Tmut           100%         1%          1
 Corona                   Hex            57%          1%          1
 Pain                     Necr           100%         1%          1
 Sting                    Tmut/Pois      100%         1%          1
 Summon Small Mammal      Summ           100%         1%          1
 Blink                    Tloc           N/A          1%          2
 Call Imp                 Summ           52%          1%          2
 Slow                     Hex            52%          1%          2
 Wereblood                Tmut           56%          1%          2
 Call Canine Familiar     Summ           52%          1%          3
 Confusing Touch          Hex            52%          1%          3
 Gell's Gravitas          Tloc           26%          1%          3
 Ignite Poison            Fire/Tmut/Pois 85%          1%          3
 Lesser Beckoning         Tloc           26%          1%          3
 Portal Projectile        Hex/Tloc       100%         1%          3
 Spider Form              Tmut/Pois      27%          1%          3
 Summon Guardian Golem    Hex/Summ       52%          1%          3
 Teleport Other           Tloc           52%          1%          3
 Tukima's Dance           Hex            52%          1%          3
 Vampiric Draining        Necr           26%          1%          3
 Animate Armour           Summ/Erth      100%         1%          4
 Fulminant Prism          Conj/Hex       46%          1%          4
 Ice Form                 Ice/Tmut       95%          1%          4
 Iskenderun's Mystic Bla  Conj/Tloc      93%          1%          4
 Leda's Liquefaction      Hex/Erth       48%          1%          4
 Olgreb's Toxic Radiance  Pois           52%          1%          4
 Petrify                  Tmut/Erth      98%          1%          4
 Summon Ice Beast         Ice/Summ       94%          1%          4
 Summon Lightning Spire   Summ/Air       93%          1%          4
 Borgnjor's Vile Clutch   Necr/Erth      48%          1%          5
 Irradiate                Conj/Tmut      47%          1%          5
 Metabolic Englaciation   Hex/Ice        47%          1%          5
 Silence                  Hex/Air        46%          1%          5
 Simulacrum               Ice/Necr       47%          1%          6
 Orb of Destruction       Conj           60%          1%          7
 Ozocubu's Refrigeration  Ice            60%          1%          7
 Spellforged Servitor     Conj/Summ      46%          1%          7
 Yara's Violent Unravell  Hex/Tmut       27%          2%          5
 Animate Dead             Necr           26%          3%          4
 Cause Fear               Hex            26%          3%          4
 Passage of Golubria      Tloc           N/A          3%          4
 Blade Hands              Tmut           28%          6%          5
 Alistair's Intoxication  Tmut/Pois      36%          8%          5
 Agony                    Necr           52%          9%          5
 Excruciating Wounds      Necr           26%          9%          5
 Summon Forest            Summ/Tloc      26%          9%          5
 Summon Mana Viper        Hex/Summ       52%          9%          5
 Eringya's Noxious Bog    Tmut/Pois      27%          11%         6
 Hydra Form               Tmut           28%          34%         6
 Death Channel            Necr           26%          43%         6
 Dispersal                Tloc           26%          43%         6
 Invisibility             Hex            52%          43%         6
 Shadow Creatures         Summ           N/A          43%         6
 Dragon Form              Tmut           28%          89%         7
 Haunt                    Necr/Summ      26%          95%         7
 Malign Gateway           Summ/Tloc      26%          95%         7
 Monstrous Menagerie      Summ           26%          95%         7
 Summon Hydra             Summ           26%          95%         7
 Discord                  Hex            26%          100%        8
 Disjunction              Tloc           26%          100%        8
 Summon Horrible Things   Summ           26%          100%        8
 Sublimation of Blood     Necr           Unusable     N/A         2
 Statue Form              Tmut/Erth      Unusable     N/A         6

Dungeon Overview and Level Annotations

Branches:
Dungeon (15/15)            Temple (1/1) D:7            Lair (6/6) D:11
 Shoals (4/4) Lair:4        Snake (4/4) Lair:4        Slime (5/5) Lair:5
    Orc (2/2) D:9             Elf (3/3) Orc:2        Vaults (5/5) D:13
  Crypt (3/3) Vaults:3       Tomb (0/3) Crypt:3      Depths (5/5) D:15
    Zot (0/5) Depths:5      IceCv (visited)         Desolation (visited)

Altars:
Ashenzari
Elyvilon
Gozag
Hepliaklqana
Kikubaaqudgha
Nemelex Xobeh
Okawaru
Vehumet
Yredelemnul
Zin
The Shining One
Beogh
Jiyva
Lugonu

Shops:
D:4 ?   D:5 [   D:11 :   Orc:1 (   Orc:2 (=?[:   Elf:1 =   Elf:3 (*=[
Shoals:2 [   Snake:1 *   Vaults:2 (?[*?   Depths:2 ![*   Depths:4 (

Portals:
Hell: Depths:1 Depths:2 Depths:3 Depths:4 Depths:5
Abyss: Depths:1 Depths:2 Depths:4
Pandemonium: Depths:3

Annotations:
Lair:4 2 transporters, Qungiab's ghost, journeyman DsVM
Shoals:2 2 transporters, Vabbol's ghost, journeyman TrBr


Innate Abilities, Weirdness & Mutations

You are resistant to torment.
Your stone body is resilient. (AC +20)
You are immune to poison.
Your large and strong wings let you fly indefinitely.
You resist negative energy. (rN+)
You are resistant to electric shocks. (rElec)
You can survive without breathing.
You are immune to petrification.
You are immune to miasma.
You have very sharp fingernails.
You have large cloven feet.
You have a somewhat thin skeletal structure. (Dex +2, Stealth)
You are agile. (Dex +2)
Your flesh is heat resistant. (rF+)


Message History

* * * LOW HITPOINT WARNING * * *
You feel extremely nervous for a moment...
You are engulfed in negative energy!
You partially resist.
You feel drained.
You feel extremely nervous for a moment...
You feel horribly lethargic.
You feel as though you will be slow longer.
You feel extremely nervous for a moment...
You are engulfed in negative energy!
You feel weakened.
You feel extremely nervous for a moment...
You feel horribly lethargic.
You feel as though you will be slow longer.
You feel extremely nervous for a moment...
Your body is wracked with pain!
* * * LOW HITPOINT WARNING * * *
You feel extremely nervous for a moment...
You are engulfed in negative energy!
You partially resist.
You feel drained.
You feel extremely nervous for a moment...
Pain shoots through your body!
You die...

.......MB..
.......8.......M....!}▓▓
.....BM..M..M..M....?})▓
.......vv.§....†.†..?"?(
..........○........|?=[|
....B.........M..L.§)}!Z
....B.B.v..v.......:)):[
.....Mz..°°.........)"$$
.....MB..s.....M@...$?$▓
.......§.§..........(}▓▓
.......Bz.M.......M.)▓▓
▓........§.§s.....Z.▓▓
▓▓.......§§........▓▓
.......§..§....▓▓
▓.............▓▓
▓▓▓▓▓▓▓▓▓▓▓▓▓▓▓


You could see 8 royal mummies, 2 emperor scorpions, a dread lich, a storm dragon
zombie, a golden dragon zombie and a friendly fire vortex.

Vanquished Creatures
  the Royal Jelly (Slime:5)
  7 dread liches
  9 orbs of fire
  28 juggernauts
  11 ancient liches
  Sojobo (Vaults:2)
  21 royal mummies
  2 shard shrikes (Zig:22)
  Bai Suzhen (Vaults:2)
  6 pandemonium lords
  4 Killer Klowns
  Saint Roka (Depths:5)
  A caustic shrike (Zig:10)
  22 golden dragons
  12 bone dragons
  A profane servitor (Zig:24)
  the Enchantress (Depths:5)
  9 iron giants
  A Brimstone Fiend (Zig:9)
  3 doom hounds (Zig:14)
  12 tentacled monstrosities
  3 Ice Fiends (Zig:22)
  2 hellephants (Zig:10)
  7 Hell Sentinels
  Asterion (Vaults:3)
  5 electric golems (Zig:18)
  12 deep elf master archers
  15 titans
  11 liches
  9 deep elf blademasters
  A quicksilver dragon (shapeshifter) (Zig:13)
  A sphinx (shapeshifter) (Zig:5)
  27 acid blobs
  An eldritch tentacle (Zig:2)
  5 sphinxes
  2 Executioners
  A tentacled starspawn (Abyss:3)
  Agnes (Elf:1)
  4 quicksilver dragons
  14 ancient champions
  A thorn hunter (Zig:19)
  Donald (Crypt:2)
  3 shadow dragons
  A shadow dragon (shapeshifter) (Zig:4)
  15 nagarajas
  9 storm dragons
  13 tengu reavers
  20 azure jellies
  Ilsuiw (Shoals:2)
  13 revenants
  3 fenstrider witches
  18 frost giants
  13 draconian monks
  4 blood saints (Zig:20)
  12 draconian knights
  21 deep elf sorcerers
  A caustic shrike zombie (Zig:11)
  3 iron dragons (Zig:23)
  A fenstrider witch (shapeshifter) (Zig:4)
  11 ghost moths
  2 imperial myrmidons (Desolation)
  29 fire giants
  26 orc warlords
  12 balrugs
  13 vault wardens
  18 draconian scorchers
  6 emperor scorpions
  8 curse skulls
  2 fire giants (shapeshifter)
  14 draconian shifters
  12 draconian stormcallers
  11 ghouls
  4 spriggan defenders (Depths:5)
  13 draconian annihilators
  21 ironheart preservers
  2 warmongers (Zig:9)
  2 deep elf elementalists
  15 reapers
  5 juggernaut zombies
  2 juggernaut skeletons
  30 very ugly things
  15 vampire knights
  4 caustic shrike skeletons
  8 green draconians
  36 stone giants
  5 war gargoyles
  23 deep elf demonologists
  5 black suns
  The ghost of Dolimn the Spear-Bearer, a journeyman DgFi (D:15)
  4 corrupters
  2 bennus (Zig:16)
  2 dire elephants (Zig:10)
  4 purple draconians
  A halazid warlock (Desolation)
  14 spark wasps
  17 entropy weavers
  10 white draconians
  3 bunyips
  24 deep elf annihilators
  5 red draconians
  6 black draconians
  4 yellow draconians
  10 eidola
  15 eleionomae
  3 crystal guardians (Desolation)
  10 shambling mangroves
  13 merfolk javelineers
  7 blizzard demons
  25 mummy priests
  29 ettins
  17 deep elf death magi
  15 fire dragons
  21 merfolk impalers
  14 jiangshi
  10 death oozes
  2 eleionomae (shapeshifter) (Zig:13)
  5 ragged hierophants (Desolation)
  21 yaktaur captains
  Erolcha (D:10)
  16 ice dragons
  Harold (D:10)
  16 green deaths
  8 great orbs of eyes
  3 servants of whispers (Desolation)
  17 deep elf high priests
  11 naga warriors
  46 vault guards
  13 ogre magi
  7 rakshasas
  4 quicksilver dragon skeletons
  10 spriggan air magi
  6 death knights
  3 ghost crabs
  6 anacondas
  8 boulder beetles
  9 merfolk avatars
  6 peacekeepers (Desolation)
  36 hydras
  A two-headed ogre (shapeshifter) (Vaults:1)
  3 catoblepae (Lair:6)
  7 centaur warriors
  25 merfolk aquamancers
  A queen ant (Lair:4)
  5 deep troll shamans
  5 alligator snapping turtles
  12 deep troll earth magi
  6 satyrs
  5 tengu warriors
  14 alligators
  A fenstrider witch skeleton (Crypt:2)
  A hell hog (Zig:9)
  12 death scarabs
  36 two-headed ogres
  8 death yaks (Lair:6)
  29 dancing weapons
  A shock serpent (shapeshifter) (Depths:3)
  13 naga sharpshooters
  3 storm dragon zombies
  20 vampire magi
  3 thrashing horrors
  25 orc high priests
  9 shock serpents
  4 soul eaters
  5 spriggan berserkers
  7 titan zombies
  2 sun demons
  27 deep elf knights
  7 titan skeletons
  7 hell knights
  14 iron trolls
  3 wretched stars
  74 skeletal warriors
  10 fire crabs
  9 shadow wraiths
  A fire crab (shapeshifter) (Vaults:3)
  37 sea snakes
  An iron giant zombie (Crypt:1)
  An iron troll (shapeshifter) (Zig:4)
  3 salamander mystics
  15 death drakes
  A storm dragon skeleton (Zig:25)
  A spark wasp zombie (Zig:11)
  8 unseen horrors
  3 sixfirhies
  9 flayed ghosts
  12 goliath frogs
  A golden dragon zombie (Zig:23)
  3 shadow demons
  6 naga ritualists
  34 deep trolls
  8 golden dragon skeletons
  11 spriggan druids
  An orange crystal statue (Zig:10)
  24 deep elf archers
  4 obsidian statues
  3 tengu zombies
  10 bog bodies
  2 sphinx zombies
  6 glowing orange brains
  An anaconda skeleton (Crypt:3)
  59 deep elf pyromancers
  17 orc knights
  8 wizards
  34 harpies
  13 necromancers
  33 swamp dragons
  65 deep elf zephyrmancers
  16 orb spiders
  28 ironbrand convokers
  13 phantasmal warriors
  2 shadow dragon zombies
  7 tengu skeletons
  8 mana vipers
  15 oklob plants (Zig:26)
  A wolf spider zombie (D:14)
  17 shining eyes
  57 ugly things
  27 wolf spiders
  3 iron dragon skeletons
  28 manticores
  19 fauns
  A faun (shapeshifter) (Vaults:3)
  12 will-o-the-wisps
  A worldbinder (Abyss:3)
  2 sphinx skeletons
  A frost giant zombie (Zig:8)
  7 shadow dragon skeletons
  6 iron dragon zombies
  18 cyclopes
  18 orc sorcerers
  A fire giant zombie (Zig:14)
  2 stone giant skeletons
  2 frost giant skeletons
  12 moths of wrath
  3 centaur zombies
  7 fire giant skeletons
  6 apocalypse crabs
  11 elephants
  9 salamanders
  14 rust devils
  2 black mambas (shapeshifter)
  A torpor snail (shapeshifter) (Zig:13)
  2 guardian serpents
  18 merfolk sirens
  24 naga magi
  24 water nymphs
  8 eyes of devastation
  7 gargoyles
  3 orange demons (Abyss:3)
  5 ice statues
  33 black mambas
  6 centaur skeletons
  2 smoke demons (Abyss:3)
  12 vault sentinels
  2 spriggan zombies
  15 cane toads
  12 elf skeletons
  8 torpor snails
  Maggie (D:8)
  A storm dragon simulacrum (Vaults:3)
  12 hellions
  2 elves (Depths:2)
  A white draconian zombie (Crypt:3)
  54 yaktaurs
  A pale draconian zombie (Crypt:2)
  12 tormentors
  A grey draconian zombie (Crypt:2)
  A komodo dragon (shapeshifter) (Vaults:4)
  An anaconda simulacrum (Abyss:3)
  3 rime drakes (Lair:6)
  12 efreet
  26 freezing wraiths
  13 demonic crawlers
  19 elf zombies
  6 tengu conjurers
  A catoblepas skeleton (Crypt:3)
  A kobold demonologist (D:13)
  45 guardian mummies
  7 komodo dragons
  A redback zombie (D:14)
  16 ice devils
  3 ancient zymes (Abyss:3)
  77 merfolk
  2 polar bears
  A hydra zombie (Abyss:3)
  A silent spectre (Abyss:3)
  3 meliai (shapeshifter)
  16 trolls
  A troll (shapeshifter) (Zig:23)
  3 red devils
  A polar bear (shapeshifter) (Vaults:3)
  A meliai (D:7)
  14 jumping spiders
  5 bloated husks
  7 tyrant leeches
  33 hornets
  2 hydra skeletons
  37 saltlings (Desolation)
  2 harpy skeletons
  A blink frog (shapeshifter) (Vaults:2)
  Prince Ribbit (D:7)
  2 raiju (shapeshifter)
  20 blink frogs
  An ettin zombie (Vaults:3)
  16 raiju
  22 snapping turtles
  7 dream sheep
  18 wind drakes
  2 fire dragon zombies
  80 slime creatures
  4 ettin skeletons
  2 fire dragon skeletons (Crypt:3)
  Sigmund (D:5)
  38 flying skulls
  12 air elementals
  19 tarantellas
  31 water elementals
  2 vampires (Depths:2)
  24 redbacks
  11 spriggans
  14 fire elementals
  An ice dragon skeleton (Crypt:3)
  A tarantella (shapeshifter) (D:13)
  8 shadows
  2 humans (Depths:2)
  A basilisk (shapeshifter) (Depths:2)
  A redback (shapeshifter) (Zig:13)
  2 black mamba skeletons
  17 ushabtiu
  3 wyverns
  66 yaks
  18 wraiths
  7 basilisks
  3 neqoxecs
  4 golden eyes
  2 humans (shapeshifter)
  4 vampire mosquitoes
  9 chaos spawn
  An elf simulacrum (Zig:25)
  17 large abominations
  Edmund (D:5)
  15 wargs
  41 nagas
  A two-headed ogre zombie (Crypt:2)
  2 acid dragons
  17 soldier ants
  A soldier ant (shapeshifter) (Depths:5)
  16 hell hounds
  A torturous demonspawn skeleton (Crypt:3)
  A deep troll skeleton (Crypt:1)
  Duvessa (D:4)
  16 water moccasins
  A floating eye (shapeshifter) (Vaults:5)
  5 floating eyes
  20 ice beasts
  78 orc warriors
  A sky beast (shapeshifter) (Depths:2)
  A human skeleton (Zig:9)
  4 sky beasts
  9 black bears
  7 starcursed masses
  4 phantoms
  7 necrophages
  A snapping turtle zombie (Crypt:1)
  27 wolves
  8 eyes of draining
  7 boggarts
  37 ogres
  10 small abominations
  29 centaurs
  3 human zombies
  6 lemures (Depths:2)
  25 bullfrogs
  A fire crab zombie (Crypt:1)
  7 big kobolds
  A gnoll sergeant (D:9)
  Blork the orc (D:4)
  A draconian skeleton (Crypt:3)
  9 earth elementals
  Dowan (D:4)
  2 spectral wargs (Depths:2)
  A yaktaur skeleton (Crypt:2)
  A komodo dragon skeleton (Crypt:1)
  2 scorpions (D:11)
  A wyvern skeleton (D:13)
  A human simulacrum (Vaults:3)
  36 wights
  6 killer bees (D:7)
  4 howler monkeys
  4 spriggan skeletons
  An electric eel (Lair:4)
  A crimson imp (Zig:9)
  5 lava snakes (Snake:4)
  9 jellies
  3 quasits
  12 iron imps
  21 orc priests
  12 hounds
  2 iguanas
  3 bullfrog skeletons
  A gnoll shaman (D:7)
  28 orc wizards
  7 hell rats (Lair:5)
  34 worker ants
  A felid skeleton (Crypt:3)
  4 hound skeletons
  75 mummies
  2 worker ant zombies
  6 gnolls
  23 adders
  10 shadow imps
  15 white imps
  14 ufetubi
  An adder zombie (D:9)
  2 worms
  A dart slug (D:1)
  8 leopard geckos
  139 orcs
  6 giant cockroaches
  9 goblins
  6 hobgoblins
  3 jackals (D:10)
  36 kobolds
  11 quokkas
  4 ball pythons
  4 bats
  A frilled lizard (shapeshifter) (Vaults:5)
  8 frilled lizards
  A giant cockroach zombie (Crypt:3)
  A quokka skeleton (D:9)
  A quokka zombie (D:7)
  6 rats
  A block of ice (Zig:24)
  31 briar patches (Zig:19)
  79 fire vortices
  A starspawn tentacle (Abyss:3)
4803 creatures vanquished.

Vanquished Creatures (collateral kills)
  2 royal mummies
  An acid blob (Zig:17)
  A ghost moth (Zig:19)
  An azure jelly (Slime:5)
  A reaper (Zig:22)
  A vampire mage (Crypt:1)
  A storm dragon zombie (Zig:22)
  A sphinx zombie (Zig:9)
  A manticore (Zig:6)
  An elf zombie (Zig:22)
  A guardian mummy (Zig:16)
  A tarantella (Zig:21)
  A spriggan (Depths:5)
  A wraith (Crypt:1)
  A large abomination (Zig:6)
  An orc warrior (Depths:5)
  7 mummies
  A white imp (Zig:22)
25 creatures vanquished.

Vanquished Creatures (others)
  Mara (Crypt:1)
  A pandemonium lord (Zig:13)
  A tentacled monstrosity (Zig:19)
  A tengu reaver (Zig:20)
  A deep elf sorcerer (Elf:1)
  A reaper (IceCv)
  A green death (Zig:19)
  A shambling mangrove (Zig:12)
  A fire dragon (Zig:21)
  5 hydras
  2 deep elf knights
  2 death drakes
  A flayed ghost (Abyss:3)
  A bog body (Crypt:3)
  2 swamp dragons
  An ironbrand convoker (Vaults:5)
  2 deep elf zephyrmancers
  A will-o-the-wisp (Zig:19)
  A raiju (Zig:18)
  A water elemental (Elf:1)
  A wraith (Zig:5)
  A chaos spawn (Abyss:3)
  An orc wizard (D:4)
  A white imp (IceCv)
  5 ufetubi (IceCv)
  An orc (Orc:2)
  A bush (Lair:3)
  196 fire vortices
  27 foxfires
  39 fungi
  268 plants
  A starspawn tentacle (Abyss:3)
570 creatures vanquished.

Grand Total: 5398 creatures vanquished

Notes
Turn   | Place    | Note
-------+----------+-------------------------------------------
     0 | D:1      | Gieldon the Gargoyle Earth Elementalist began the quest for
                  | the Orb.
     0 | D:1      | Reached XP level 1. HP: 10/10 MP: 3/3
   301 | D:1      | Reached XP level 2. HP: 15/15 MP: 5/5
   919 | D:2      | Reached XP level 3. HP: 19/19 MP: 4/7
  1461 | D:2      | Reached XP level 4. HP: 24/24 MP: 8/8
  1503 | D:2      | Reached skill level 1 in Maces & Flails
  1523 | D:2      | Learned a level 3 spell: Stone Arrow
  1868 | D:2      | Found a hazy altar of Hepliaklqana.
  2307 | D:3      | Reached skill level 1 in Conjurations
  2307 | D:3      | Reached skill level 5 in Earth Magic
  2307 | D:3      | Reached XP level 5. HP: 28/28 MP: 3/9
  2605 | D:3      | Found a radiant altar of Vehumet.
  2605 | D:3      | Found a broken altar of Ashenzari.
  2607 | D:3      | Found a basalt altar of Yredelemnul.
  2612 | D:3      | Learned a level 2 spell: Passwall
  2615 | D:3      | Became a worshipper of Vehumet
  2988 | D:3      | Found an iron altar of Okawaru.
  3356 | D:4      | Found Osayxiah's Magic Scroll Shop.
  3404 | D:4      | Bought a scroll of identify for 28 gold pieces
  3404 | D:4      | Bought a scroll of identify for 28 gold pieces
  3404 | D:4      | Bought a scroll of identify for 28 gold pieces
  3414 | D:4      | Reached XP level 6. HP: 28/32 MP: 6/11
  3799 | D:4      | Noticed Blork the orc
  3815 | D:4      | Reached XP level 7. HP: 21/36 MP: 3/13
  3817 | D:4      | Killed Blork the orc
  3826 | D:4      | Gained mutation: Your magical capacity is low. (-10% MP)
                  | [potion of mutation]
  3826 | D:4      | Gained mutation: Scrolls take you a little longer to read.
                  | [potion of mutation]
  3826 | D:4      | Gained mutation: You have sharp fingernails. [potion of
                  | mutation]
  3826 | D:4      | Gained mutation: Your flesh is cold resistant. (rC+)
                  | [potion of mutation]
  4023 | D:4      | Lost mutation: Your magical capacity is low. (-10% MP)
                  | [potion of mutation]
  4023 | D:4      | Lost mutation: Your flesh is cold resistant. (rC+) [potion
                  | of mutation]
  4023 | D:4      | Gained mutation: You are agile. (Dex +2) [potion of
                  | mutation]
  4023 | D:4      | Gained mutation: You have very sharp fingernails. [potion
                  | of mutation]
  4024 | D:4      | Lost mutation: You are agile. (Dex +2) [potion of mutation]
  4024 | D:4      | Lost mutation: Scrolls take you a little longer to read.
                  | [potion of mutation]
  4024 | D:4      | Gained mutation: You have an increased reservoir of magic.
                  | (+10% MP) [potion of mutation]
  4024 | D:4      | Gained mutation: Your large and strong wings let you fly
                  | indefinitely. [potion of mutation]
  4391 | D:4      | Found an iron altar of Okawaru.
  4420 | D:4      | Noticed Dowan
  4421 | D:4      | Noticed Duvessa
  4440 | D:4      | Killed Duvessa
  4442 | D:4      | Killed Dowan
  4443 | D:4      | Reached skill level 1 in Fighting
  4443 | D:4      | Reached skill level 1 in Armour
  4606 | D:4      | Reached * piety under Vehumet
  4606 | D:4      | Offered knowledge of Magic Dart by Vehumet.
  4702 | D:4      | Reached skill level 1 in Evocations
  4702 | D:4      | Reached XP level 8. HP: 43/43 MP: 16/16
  5045 | D:5      | Entered Level 5 of the Dungeon
  5208 | D:5      | Found a white marble altar of Elyvilon.
  5210 | D:5      | Found a glowing silver altar of Zin.
  5215 | D:5      | Found a glowing golden altar of the Shining One.
  5258 | D:5      | Noticed Sigmund
  5392 | D:5      | Killed Sigmund
  5399 | D:5      | Noticed Edmund
  5409 | D:5      | Killed Edmund
  5607 | D:5      | Found Reyxempe's Armour Shop.
  6101 | D:5      | Learned a level 5 spell: Lee's Rapid Deconstruction
  6118 | D:6      | Reached XP level 9. HP: 45/49 MP: 18/18
  6154 | D:6      | Reached skill level 5 in Spellcasting
  6388 | D:6      | Offered knowledge of Shock by Vehumet.
  6390 | D:6      | Reached ** piety under Vehumet
  6526 | D:6      | Reached skill level 5 in Conjurations
  6578 | D:6      | Found an ancient bone altar of Kikubaaqudgha.
  6739 | D:7      | Found a staircase to the Ecumenical Temple.
  6747 | Temple   | Entered the Ecumenical Temple
  6836 | D:7      | Offered knowledge of Conjure Flame by Vehumet.
  6878 | D:7      | Noticed Prince Ribbit
  6883 | D:7      | Killed Prince Ribbit
  6884 | D:7      | Reached skill level 5 in Maces & Flails
  7049 | D:7      | Noticed a purple ugly thing
  7050 | D:7      | Noticed a green ugly thing
  7052 | D:7      | Reached *** piety under Vehumet
  7059 | D:7      | Reached XP level 10. HP: 55/56 MP: 15/20
  7078 | D:7      | Killed a cyan ugly thing
  7085 | D:7      | Killed a cyan ugly thing
  7369 | D:7      | Offered knowledge of Dazzling Flash by Vehumet.
  7790 | D:7      | Reached **** piety under Vehumet
  7848 | D:7      | Noticed a wolf spider
  7854 | D:7      | Offered knowledge of Frozen Ramparts by Vehumet.
  7855 | D:7      | Reached skill level 5 in Fighting
  7855 | D:7      | Reached skill level 5 in Armour
  7856 | D:7      | Killed a wolf spider
  8672 | D:8      | Reached XP level 11. HP: 62/64 MP: 22/22
  8778 | D:8      | Noticed Maggie
  8790 | D:8      | Killed Maggie
  9255 | D:9      | Reached ***** piety under Vehumet
  9289 | D:9      | Noticed a deep elf pyromancer
  9291 | D:9      | Killed a deep elf pyromancer
  9309 | D:9      | Offered knowledge of Fireball by Vehumet.
  9346 | D:9      | Killed an unseen horror
  9524 | D:9      | Learned a level 5 spell: Fireball
  9640 | D:9      | Noticed a two-headed ogre
  9642 | D:9      | Killed a two-headed ogre
  9643 | D:9      | Reached skill level 5 in Evocations
  9663 | D:9      | Reached skill level 5 in Dodging
  9716 | D:9      | Reached skill level 1 in Fire Magic
  9836 | D:9      | Noticed a death knight
  9848 | D:9      | Killed a death knight
 10126 | D:9      | Found a staircase to the Orcish Mines.
 10366 | D:10     | Entered Level 10 of the Dungeon
 10366 | D:10     | Noticed a two-headed ogre
 10375 | D:10     | Killed a two-headed ogre
 10376 | D:10     | Reached XP level 12. HP: 41/71 MP: 24/24
 10630 | D:10     | Noticed Harold
 10635 | D:10     | Killed Harold
 10689 | D:10     | Noticed a two-headed ogre
 10691 | D:10     | Noticed Erolcha
 10708 | D:9      | Killed a two-headed ogre
 10790 | D:10     | Noticed a two-headed ogre
 10794 | D:10     | Killed a two-headed ogre
 11747 | D:10     | Reached skill level 10 in Earth Magic
 12074 | D:10     | Killed Erolcha
 12138 | D:11     | Found Iqubos's Book Shoppe.
 12740 | D:11     | Reached skill level 5 in Fire Magic
 12830 | D:11     | Offered knowledge of Conjure Ball Lightning by Vehumet.
 13014 | D:11     | Reached XP level 13. HP: 77/77 MP: 27/27
 13284 | D:11     | Found a staircase to the Lair.
 14858 | D:12     | Paralysed by a floating eye for 2 turns
 14861 | D:12     | Paralysed by a floating eye for 2 turns
 14865 | D:12     | Paralysed by a floating eye for 3 turns
 14873 | D:12     | Paralysed by a floating eye for 4 turns
 14985 | D:12     | Identified Tocav's Papyrus of the Igneous Mountains
 14997 | D:12     | Learned a level 5 spell: Bolt of Magma
 15546 | D:13     | Found a frozen archway.
 15569 | IceCv    | Entered an ice cave
 15708 | IceCv    | Killed a reaper
 15941 | IceCv    | Got a pair of masterwork gloves
 15951 | IceCv    | Identified the +3 pair of gloves of Impatience {rN+} (You
                  | found it in an ice cave)
 16531 | IceCv    | Got a brightly glowing short sword
 16765 | IceCv    | Identified the +6 short sword of Tumult {freeze, *Noise
                  | Will+++ Int+4} (You found it in an ice cave)
 16865 | D:13     | Mutation became permanent: Your large and strong wings let
                  | you fly indefinitely. [Gargoyle growth]
 16865 | D:13     | Gained mutation: Your large and strong wings let you fly
                  | indefinitely. [Gargoyle growth]
 16865 | D:13     | Reached XP level 14. HP: 59/84 MP: 29/29
 16989 | D:13     | Offered knowledge of Orb of Destruction by Vehumet.
 17479 | D:13     | Found an opulent altar of Gozag.
 17568 | D:13     | Found a gate to the Vaults.
 18238 | D:14     | Found a sparkling altar of Nemelex Xobeh.
 19223 | Lair:1   | Entered Level 1 of the Lair of Beasts
 21873 | Lair:3   | Reached skill level 10 in Conjurations
 23236 | Lair:4   | Found a transporter.
 23238 | Lair:4   | Noticed Qungiab's ghost (journeyman DsVM)
 23257 | Lair:4   | Found a transporter.
 23289 | Lair:4   | Reached XP level 15. HP: 82/91 MP: 30/30
 23397 | Lair:4   | Found a staircase to the Shoals.
 23557 | Lair:4   | Found a staircase to the Snake Pit.
 23761 | Lair:4   | Reached ****** piety under Vehumet
 23761 | Lair:4   | Offered knowledge of Iron Shot by Vehumet.
 23771 | Lair:4   | Learned a level 6 spell: Iron Shot
 25466 | Lair:5   | Found a staircase to the Slime Pits.
 25584 | Lair:5   | Offered knowledge of Spellforged Servitor by Vehumet.
 25934 | Lair:6   | Entered Level 6 of the Lair of Beasts
 26051 | Lair:6   | Reached skill level 10 in Fire Magic
 26055 | Lair:6   | Reached skill level 10 in Fighting
 27072 | Lair:6   | Reached skill level 10 in Maces & Flails
 27523 | Lair:6   | Found a broken altar of Ashenzari.
 27575 | Lair:6   | Reached XP level 16. HP: 91/98 MP: 32/32
 27603 | Lair:6   | Identified the Collected Works on the Supportive Voyage
 28052 | Orc:1    | Entered Level 1 of the Orcish Mines
 28366 | Orc:1    | Found Qeechucs's Antique Weapon Boutique.
 28804 | Orc:2    | Entered Level 2 of the Orcish Mines
 28823 | Orc:2    | Offered knowledge of Ozocubu's Refrigeration by Vehumet.
 28949 | Orc:2    | Found Bausy's Magic Scroll Emporium.
 28956 | Orc:2    | Bought a scroll of magic mapping for 45 gold pieces
 28956 | Orc:2    | Bought a scroll of blinking for 97 gold pieces
 29332 | Orc:2    | Found Lym Ruqix's Weapon Boutique.
 29332 | Orc:2    | Found Juchir's Jewellery Emporium.
 29360 | Orc:2    | HP: 4/98 [spore (55)]
 29805 | Orc:2    | Found a staircase to the Elven Halls.
 29827 | Orc:2    | Found Rinoykal's Armour Boutique.
 29827 | Orc:2    | Found Itimp's Book Emporium.
 29993 | Orc:2    | Found a roughly hewn altar of Beogh.
 30154 | Orc:2    | Found a roughly hewn altar of Beogh.
 30497 | Orc:2    | Reached skill level 10 in Spellcasting
 31257 | D:15     | Entered Level 15 of the Dungeon
 31516 | D:15     | Offered knowledge of Starburst by Vehumet.
 31846 | D:15     | Found a runed translucent gate.
 31848 | D:15     | Found a runed translucent gate.
 31849 | D:15     | Found a runed translucent gate.
 31850 | D:15     | Noticed Dolimn's ghost (journeyman DgFi)
 32032 | D:15     | Found a viscous altar of Jiyva.
 32301 | D:15     | Found a staircase to the Depths.
 32807 | Snake:1  | Entered Level 1 of the Snake Pit
 33006 | Snake:1  | Noticed a nagaraja
 33010 | Snake:1  | Killed a nagaraja
 33132 | Snake:1  | Reached XP level 17. HP: 95/104 MP: 33/34
 33254 | Snake:1  | Found Qud Tito's Assorted Antiques.
 33260 | Snake:1  | Bought a scroll labelled ICZAEXZ QICVU for 41 gold pieces
 33260 | Snake:1  | Bought a scroll of identify for 82 gold pieces
 33260 | Snake:1  | Bought a scroll of identify for 82 gold pieces
 33260 | Snake:1  | Bought a murky black potion for 36 gold pieces
 35062 | Snake:2  | Learned a level 8 spell: Ignition
 37080 | Snake:4  | Entered Level 4 of the Snake Pit
 37185 | Shoals:1 | Entered Level 1 of the Shoals
 37291 | Shoals:1 | Reached skill level 15 in Fire Magic
 38330 | Shoals:1 | Noticed a titan
 38381 | Shoals:1 | Killed a titan
 38482 | Shoals:2 | Noticed Ilsuiw
 38487 | Shoals:2 | Reached XP level 18. HP: 110/110 MP: 35/35
 38488 | Shoals:2 | Killed Ilsuiw
 38933 | Shoals:2 | Found Honafoakla's Armour Shoppe.
 39470 | Shoals:2 | Identified the +1 robe of Sibaf {Dex+5 Slay+3} (You found
                  | it on level 2 of the Shoals)
 39498 | Shoals:2 | Found a transporter.
 39498 | Shoals:2 | Found a transporter.
 39516 | Shoals:2 | Noticed Vabbol's ghost (journeyman TrBr)
 39518 | Shoals:2 | Identified the ring "Kisa" {*Tele rF+}
 41445 | Shoals:4 | Entered Level 4 of the Shoals
 41454 | Shoals:4 | Offered knowledge of Lehudib's Crystal Spear by Vehumet.
 41454 | Shoals:4 | Offered knowledge of Fire Storm by Vehumet.
 41454 | Shoals:4 | Offered knowledge of Chain Lightning by Vehumet.
 41670 | Shoals:4 | HP: 5/110 [alligator snapping turtle (27)]
 42256 | Shoals:4 | Identified the Grimoire of Enthralling Stones
 42389 | Shoals:4 | Identified the Reference Book on Sinister Glamour
 43780 | Shoals:4 | Reached XP level 19. HP: 113/115 MP: 36/36
 44441 | Shoals:4 | Got a barnacled rune of Zot
 45816 | Snake:4  | Reached skill level 10 in Evocations
 47582 | Snake:4  | Got a serpentine rune of Zot
 48078 | Vaults:1 | Entered Level 1 of the Vaults
 48530 | Vaults:1 | Reached skill level 15 in Earth Magic
 48866 | Vaults:1 | Reached XP level 20. HP: 110/122 MP: 22/38
 50193 | Vaults:1 | Found a glowing golden altar of the Shining One.
 50426 | Elf:1    | Entered Level 1 of the Elven Halls
 50426 | Elf:1    | Noticed Agnes
 50430 | Elf:1    | Killed Agnes
 50457 | Elf:1    | Found a ruined gateway.
 50468 | Desolati | Entered the Desolation of Salt
 50508 | Desolati | Reached skill level 10 in Dodging
 50802 | Desolati | Identified the Tome of Clay
 50808 | Desolati | Identified Sif Muna's Disquisition on Transformation and
                  | the Blaze
 51037 | Desolati | Identified the ring "Qeoc" {*Contam +Inv rElec Will+ SInv}
 51228 | Desolati | Identified the +3 buckler of Tegguehayw {+Blink rPois Str-5
                  | Int+4} (You found it in the Desolation of Salt)
 51309 | Desolati | Found the +3 giant club "Skullcrusher" {speed, Str+7}
 51317 | Desolati | Got a glittering granite ring
 51318 | Desolati | Identified the ring "Lirusen" {+Fly rPois AC+4 Dex-3 SInv}
                  | (You found it in the Desolation of Salt)
 51336 | Desolati | Got a slimy lead amulet
 51337 | Desolati | Identified the amulet "Tatorio" {RegenMP Int+2} (You found
                  | it in the Desolation of Salt)
 52189 | Elf:1    | Identified the Disquisition on Supportive Conjuration
 52241 | Elf:1    | You are sucked into a shaft and drop 1 floor!
 52247 | Elf:2    | Found a huge runed gate.
 52262 | Elf:2    | Reached XP level 21. HP: 120/128 MP: 40/40
 52415 | Elf:2    | Found a huge runed gate.
 52416 | Elf:2    | Found a huge runed gate.
 52416 | Elf:2    | Found a huge runed gate.
 52417 | Elf:2    | Found a huge runed gate.
 52425 | Elf:2    | Found a huge runed gate.
 52426 | Elf:2    | Found a huge runed gate.
 52427 | Elf:2    | Found a huge runed gate.
 52428 | Elf:2    | Found a huge runed gate.
 52429 | Elf:2    | Found a huge runed gate.
 52432 | Elf:2    | Found a huge runed gate.
 52432 | Elf:2    | Found a huge runed gate.
 52780 | Elf:2    | Found a runed translucent gate.
 52781 | Elf:2    | Found a runed translucent gate.
 52782 | Elf:2    | Found a runed translucent gate.
 52891 | Elf:2    | Found a huge runed gate.
 52891 | Elf:2    | Found a huge runed gate.
 52891 | Elf:2    | Found a huge runed gate.
 52895 | Elf:2    | Found a huge runed gate.
 52895 | Elf:2    | Found a huge runed gate.
 52896 | Elf:2    | Found a huge runed gate.
 52896 | Elf:2    | Found a huge runed gate.
 52896 | Elf:2    | Found a huge runed gate.
 52896 | Elf:2    | Found a huge runed gate.
 52903 | Elf:2    | Found a huge runed gate.
 52903 | Elf:2    | Found a huge runed gate.
 52903 | Elf:2    | Found a huge runed gate.
 52903 | Elf:2    | Found a huge runed gate.
 52903 | Elf:2    | Found a huge runed gate.
 52903 | Elf:2    | Found a huge runed gate.
 52903 | Elf:2    | Found a huge runed gate.
 53063 | Elf:3    | Entered Level 3 of the Elven Halls
 53134 | Elf:1    | Found Xomuphi's Jewellery Shop.
 53639 | Elf:3    | Found Namosum's Jewellery Shoppe.
 53639 | Elf:3    | Found Zeroaw's General Store.
 53641 | Elf:3    | Found Ecrot's Antique Weapon Emporium.
 53642 | Elf:3    | Found Hiheela Jaer's Antique Armour Shoppe.
 53673 | Elf:3    | Bought a translucent morningstar for 288 gold pieces
 53673 | Elf:3    | Identified the +4 morningstar of Disintegration {drain,
                  | rC+} (You bought it in a shop on level 3 of the Elven
                  | Halls)
 53971 | Elf:3    | Identified Gegitamp's Guide on Hurtful Weightlessness
 54919 | Elf:3    | Identified the +12 broad axe "Nyodgh" {chaos, *Slow Str+4
                  | Dex+4}
 55153 | Elf:3    | Identified the +1 robe of the Comet {rN+} (You found it on
                  | level 3 of the Elven Halls)
 55254 | Elf:3    | Got a wavering ivory ring
 55255 | Elf:3    | Identified the ring of Jaxzacisk {Ice +Inv} (You found it
                  | on level 3 of the Elven Halls)
 55757 | Vaults:2 | Reached XP level 22. HP: 115/136 MP: 42/42
 55974 | Vaults:2 | Noticed Bai Suzhen
 55986 | Vaults:2 | Killed Bai Suzhen
 56892 | Vaults:2 | Found Veudump's Magic Scroll Boutique.
 56901 | Vaults:2 | Bought a scroll of identify for 40 gold pieces
 56901 | Vaults:2 | Bought a scroll of teleportation for 60 gold pieces
 56901 | Vaults:2 | Bought a scroll of magic mapping for 70 gold pieces
 56901 | Vaults:2 | Bought a scroll of magic mapping for 70 gold pieces
 56901 | Vaults:2 | Bought a scroll of identify for 40 gold pieces
 56901 | Vaults:2 | Bought a scroll of identify for 40 gold pieces
 56957 | Vaults:2 | Found Byilurghe's Assorted Antiques.
 57252 | Vaults:2 | Noticed Sojobo
 57255 | Vaults:2 | Killed Sojobo
 57290 | Vaults:2 | Found Zaitaleu's Magic Scroll Emporium.
 57299 | Vaults:2 | Bought a scroll of identify for 30 gold pieces
 57299 | Vaults:2 | Bought a scroll of identify for 30 gold pieces
 57299 | Vaults:2 | Bought a scroll of identify for 30 gold pieces
 57299 | Vaults:2 | Bought a scroll of identify for 30 gold pieces
 57299 | Vaults:2 | Bought a scroll of identify for 30 gold pieces
 57299 | Vaults:2 | Bought 2 scrolls of magic mapping for 105 gold pieces
 57299 | Vaults:2 | Bought a scroll of magic mapping for 52 gold pieces
 57299 | Vaults:2 | Bought a scroll of identify for 30 gold pieces
 57361 | Vaults:2 | Found Ihifeleb's Weapon Emporium.
 57619 | Vaults:2 | Found Gapiffutt's Antique Armour Shop.
 58483 | Vaults:3 | Noticed Asterion
 58487 | Vaults:3 | Killed Asterion
 58720 | Vaults:3 | Found a staircase to the Crypt.
 60186 | Vaults:3 | Reached XP level 23. HP: 128/142 MP: 43/43
 61299 | Vaults:4 | Identified a scroll of acquirement
 61301 | Vaults:4 | Acquired the +10 eveningstar "Pyh Tet" {protect, rF+}
 62345 | Vaults:4 | Reached skill level 15 in Conjurations
 63219 | Vaults:5 | Entered Level 5 of the Vaults
 63229 | Vaults:4 | Upgraded the game from 0.27-a0-215-g68775813e2 to
                  | 0.27-a0-223-ge082b6e869
 63268 | Vaults:4 | Learned a level 9 spell: Shatter
 63280 | Vaults:5 | Noticed a golden dragon
 63282 | Vaults:5 | Reached XP level 24. HP: 149/149 MP: 44/44
 63288 | Vaults:5 | Noticed an ancient lich
 63292 | Vaults:5 | Killed an ancient lich
 63292 | Vaults:5 | Identified the ring "Viun" {Int+6 Dex+6}
 63328 | Vaults:5 | Noticed a dread lich
 63330 | Vaults:5 | Killed a dread lich
 63356 | Vaults:5 | Reached skill level 15 in Fighting
 63787 | Vaults:5 | Identified the cursed ring of Ogrybiaxo {*Contam rPois
                  | rF+++ Int-4 Slay-5}
 64013 | Vaults:5 | Noticed a dread lich
 64110 | Vaults:5 | Killed a dread lich
 64111 | Vaults:5 | Reached XP level 25. HP: 156/156 MP: 39/44
 64392 | Vaults:5 | Got a silver rune of Zot
 64449 | Vaults:5 | Identified Vigut's Papyrus of Fetching Stolen Souls
 65570 | Depths:1 | Entered Level 1 of the Depths
 65600 | Depths:1 | Identified the +0 pair of gloves of the Harp {rC+ Str+4}
                  | (You found it on level 1 of the Depths)
 65797 | D:15     | Killed Dolimn's ghost
 66302 | Depths:1 | Found a one-way gate to the infinite horrors of the Abyss.
 66873 | Depths:1 | Found a gateway to Hell.
 67532 | Depths:2 | Reached skill level 15 in Maces & Flails
 68590 | Depths:2 | Found a roughly hewn altar of Beogh.
 69364 | Depths:2 | Found The Legendary Hykovas's Legendary Smithy.
 69520 | Depths:2 | Found Caadwid's General Store.
 69541 | Depths:2 | Bought a potion of might for 60 gold pieces
 69541 | Depths:2 | Bought a potion of invisibility for 120 gold pieces
 69651 | Depths:2 | Found a glowing golden altar of the Shining One.
 69766 | Depths:2 | Found Vosueb's Miraculous Elixirs.
 69862 | Depths:2 | Upgraded the game from 0.27-a0-223-ge082b6e869 to
                  | 0.27-a0-237-g52650a7530
 69931 | Depths:3 | Found a flickering gateway to a bazaar.
 69936 | Depths:3 | Paralysed by a sphinx for 5 turns
 69949 | Bazaar   | Entered a bazaar
 69975 | Bazaar   | Found Qigu's Antique Weapon Emporium.
 69991 | Bazaar   | Found Jehuac's Magic Scroll Shoppe.
 70007 | Bazaar   | Found Wozxi's Weapon Shoppe.
 70007 | Bazaar   | Found Ziudaj's Book Emporium.
 70067 | Bazaar   | Bought a book of Annihilations for 1435 gold pieces
 70085 | Bazaar   | Bought a scroll of teleportation for 48 gold pieces
 70085 | Bazaar   | Bought a scroll of identify for 32 gold pieces
 70085 | Bazaar   | Bought a scroll of holy word for 120 gold pieces
 70085 | Bazaar   | Bought a scroll of identify for 32 gold pieces
 70085 | Bazaar   | Bought a scroll of magic mapping for 56 gold pieces
 70085 | Bazaar   | Bought a scroll of holy word for 120 gold pieces
 70085 | Bazaar   | Bought a scroll of holy word for 120 gold pieces
 70133 | Depths:3 | Reached XP level 26. HP: 164/164 MP: 19/45
 70485 | Depths:3 | Found a one-way gate leading to the halls of Pandemonium.
 71105 | Depths:3 | Noticed a juggernaut
 71500 | Depths:3 | Killed a juggernaut
 71999 | Depths:3 | Noticed an ancient lich
 72003 | Depths:3 | Killed an ancient lich
 72273 | Depths:3 | Learned a level 9 spell: Fire Storm
 72317 | Depths:4 | Reached skill level 15 in Spellcasting
 73141 | Depths:4 | Noticed a dread lich
 73142 | Depths:4 | Found a gateway to a ziggurat.
 73152 | Depths:4 | Killed a dread lich
 73693 | Depths:4 | Cast into level 2 of the Abyss (a wizard)
 73748 | Abyss:3  | Acquired the ring "Cegez" {*Slow rF+ rN+++ Will+ Dex+3}
 73750 | Abyss:3  | Acquired the +2 hood of the Assassin {Detection Stab+
                  | Stlth++}
 73751 | Abyss:3  | Found the +2 hood of the Assassin {Detection Stab+ Stlth++}
 73752 | Abyss:3  | Acquired 733 gold pieces
 73830 | Abyss:3  | Reached XP level 27. HP: 159/171 MP: 46/46
 73849 | Abyss:3  | Gained mutation: You are dopey. (Int -2) [a neqoxec]
 73852 | Abyss:3  | Lost mutation: You have an increased reservoir of magic.
                  | (+10% MP) [a neqoxec]
 73947 | Abyss:3  | Found a corrupted altar of Lugonu.
 74003 | Depths:4 | Escaped the Abyss
 74286 | Depths:4 | Paralysed by a sphinx for 6 turns
 74395 | Depths:4 | Found a large runed translucent door.
 74398 | Depths:4 | Found a large runed translucent door.
 74399 | Depths:4 | Found a large runed translucent door.
 74416 | Depths:4 | Found a corrupted altar of Lugonu.
 74591 | Depths:4 | Found a large runed translucent door.
 74595 | Depths:4 | Found a large runed translucent door.
 74596 | Depths:4 | Found a large runed translucent door.
 74868 | Depths:4 | Found Tywyosil's Weapon Emporium.
 74900 | Depths:4 | Found a large runed translucent door.
 74909 | Depths:4 | Found a large runed translucent door.
 75279 | Depths:5 | Entered Level 5 of the Depths
 75308 | Depths:5 | Found a gate to the Realm of Zot.
 75322 | Depths:5 | Noticed the Enchantress
 75756 | Depths:5 | Killed the Enchantress
 76191 | Depths:5 | Noticed Saint Roka
 76202 | Depths:5 | Killed Saint Roka
 77402 | Slime:1  | Entered Level 1 of the Pits of Slime
 77404 | Slime:1  | Gained mutation: Your body sometimes deteriorates upon
                  | taking damage. [a shining eye]
 77544 | Lair:5   | Upgraded the game from 0.27-a0-237-g52650a7530 to
                  | 0.27-a0-245-g075faa5519
 77786 | Slime:2  | Gained mutation: Your spells are a little harder to cast,
                  | but a little more powerful. [a shining eye]
 77822 | Slime:3  | Gained mutation: You have claws for hands. [a shining eye]
 77965 | Slime:5  | Entered Level 5 of the Pits of Slime
 77983 | Slime:5  | Noticed the Royal Jelly
 78016 | Slime:5  | Killed the Royal Jelly
 78425 | Slime:5  | Identified the Grimoire of the Mutagenic Frostbite
 78454 | Slime:5  | Got a slimy rune of Zot
 78456 | Slime:5  | Got a wavering brass amulet
 78460 | Slime:5  | Identified the amulet of Trepidation {Acrobat rPois} (You
                  | found it on level 5 of the Pits of Slime)
 78552 | Lair:5   | Lost mutation: Your spells are a little harder to cast, but
                  | a little more powerful. [potion of mutation]
 78552 | Lair:5   | Lost mutation: Your body sometimes deteriorates upon taking
                  | damage. [potion of mutation]
 78552 | Lair:5   | Lost mutation: You are dopey. (Int -2) [potion of mutation]
 78552 | Lair:5   | Lost mutation: You have claws for hands. [potion of
                  | mutation]
 78552 | Lair:5   | Gained mutation: You have a somewhat thin skeletal
                  | structure. (Dex +2, Stealth) [potion of mutation]
 78552 | Lair:5   | Gained mutation: Your mind is acute. (Int +2) [potion of
                  | mutation]
 78999 | Crypt:1  | Entered Level 1 of the Crypt
 79666 | Crypt:1  | Noticed a dread lich
 79668 | Crypt:1  | Noticed Mara
 79670 | Crypt:1  | Killed a dread lich
 79672 | Crypt:1  | Found the +6 Majin-Bo {vamp, MP+6 Int+6}
 79691 | Crypt:1  | Noticed Gieldon's illusion
 79691 | Crypt:1  | Killed Mara
 79692 | Crypt:1  | Reached skill level 15 in Dodging
 81024 | Crypt:2  | Noticed Donald
 81029 | Crypt:2  | Killed Donald
 81546 | Crypt:3  | Entered Level 3 of the Crypt
 81899 | Crypt:3  | Found a staircase to the Tomb.
 81942 | Crypt:3  | Found an ancient bone altar of Kikubaaqudgha.
 81958 | Crypt:3  | Noticed a dread lich
 81961 | Crypt:3  | Killed a dread lich
 82157 | Crypt:3  | Got a vibrating amber ring
 82157 | Crypt:3  | Got a flickering brass ring
 82157 | Crypt:3  | Got a flickering lapis lazuli ring
 82162 | Crypt:3  | Identified the ring of the Establishment {rN+ Str+2 SInv}
                  | (You found it on level 3 of the Crypt)
 82164 | Crypt:3  | Identified the ring of Dunuih {rElec rN+ Will+ Dex-2
                  | Stlth+} (You found it on level 3 of the Crypt)
 82166 | Crypt:3  | Identified the ring "Mitsiag" {rC- rN+ Will+ Dex+2} (You
                  | found it on level 3 of the Crypt)
 83482 | Zig:1    | Entered Level 1 of a ziggurat
 83504 | Zig:2    | Entered Level 2 of a ziggurat
 83531 | Zig:3    | Entered Level 3 of a ziggurat
 83545 | Zig:3    | Identified the +5 quarterstaff of Gloom {venom, Str+4} (You
                  | found it on level 3 of a ziggurat)
 83551 | Zig:4    | Entered Level 4 of a ziggurat
 83610 | Zig:4    | Got a clouded steel amulet
 83618 | Zig:4    | Identified the amulet "Mosmearphir" {rC+ Regen+} (You found
                  | it on level 4 of a ziggurat)
 83622 | Zig:5    | Entered Level 5 of a ziggurat
 83676 | Zig:6    | Entered Level 6 of a ziggurat
 83679 | Zig:6    | Found the +8 trident of the Octopus King {venom, rElec
                  | rPois Will+}
 83729 | Zig:7    | Entered Level 7 of a ziggurat
 83760 | Zig:8    | Entered Level 8 of a ziggurat
 83766 | Zig:8    | Found the +0 pair of fencer's gloves {Riposte Dex+3}
 83798 | Zig:9    | Entered Level 9 of a ziggurat
 83803 | Zig:9    | Noticed Voss the pandemonium lord
 83811 | Zig:9    | Killed Voss the pandemonium lord
 83929 | Zig:10   | Entered Level 10 of a ziggurat
 83966 | Zig:10   | Got a shimmering wooden ring
 83967 | Zig:10   | Identified the ring "Ofocimup" {rF+ Will- AC+4 Dex+6} (You
                  | found it on level 10 of a ziggurat)
 84039 | Zig:11   | Entered Level 11 of a ziggurat
 84052 | Zig:11   | Found the +18 shield of the Gong {rElec rN+ Will+ EV-5}
 84081 | Zig:11   | Acquired 1030 gold pieces
 84090 | Zig:11   | Got a translucent tin amulet
 84091 | Zig:11   | Identified the amulet of Arirul {Inacc rPois rN+ Dex+2}
                  | (You found it on level 11 of a ziggurat)
 84100 | Zig:11   | Identified the Grimoire of the Captivating Birds
 84109 | Zig:12   | Entered Level 12 of a ziggurat
 84144 | Zig:12   | Acquired the +5 pair of gloves of Charity {Dex+4}
 84184 | Zig:13   | Entered Level 13 of a ziggurat
 84189 | Zig:13   | Noticed Ibapheuf the pandemonium lord
 84189 | Zig:13   | Noticed Riczecw the pandemonium lord
 84190 | Zig:13   | Noticed Ecvewn the pandemonium lord
 84191 | Zig:13   | Noticed Nadiun the pandemonium lord
 84191 | Zig:13   | Noticed Hetyvy the pandemonium lord
 84198 | Zig:13   | Killed Ecvewn the pandemonium lord
 84203 | Zig:13   | Killed Ibapheuf the pandemonium lord
 84203 | Zig:13   | Killed Nadiun the pandemonium lord
 84204 | Zig:13   | Killed Hetyvy the pandemonium lord
 84215 | Zig:13   | Paralysed by Riczecw for 2 turns
 84217 | Zig:13   | Killed Riczecw the pandemonium lord
 84602 | Zig:14   | Entered Level 14 of a ziggurat
 84614 | Zig:14   | Noticed a royal mummy
 84617 | Zig:14   | Killed a royal mummy
 84617 | Zig:14   | Noticed a royal mummy
 84618 | Zig:14   | Noticed a royal mummy
 84619 | Zig:14   | Killed a royal mummy
 84620 | Zig:14   | Noticed a royal mummy
 84622 | Zig:14   | Killed a royal mummy
 84622 | Zig:14   | Killed a royal mummy
 84624 | Zig:14   | Noticed a royal mummy
 84625 | Zig:14   | Noticed a royal mummy
 84626 | Zig:14   | Killed a royal mummy
 84627 | Zig:14   | Killed a royal mummy
 84986 | Zig:14   | Got an ancient iron ring
 84988 | Zig:14   | Identified the ring "Ubal Ime" {rPois Will+ MP+9} (You
                  | found it on level 14 of a ziggurat)
 85005 | Zig:15   | Entered Level 15 of a ziggurat
 85020 | Zig:15   | Found the +8 storm bow {elec, penet}
 85073 | Zig:16   | Entered Level 16 of a ziggurat
 85084 | Zig:16   | Noticed a royal mummy
 85085 | Zig:16   | Noticed a royal mummy
 85085 | Zig:16   | Noticed a royal mummy
 85089 | Zig:16   | Killed a royal mummy
 85089 | Zig:16   | Killed a royal mummy
 85089 | Zig:16   | Killed a royal mummy
 85520 | Zig:16   | Identified the +0 hat "Vanuh" {rN++} (You found it on level
                  | 16 of a ziggurat)
 85541 | Zig:16   | Identified a +1 pair of boots of running (You found it on
                  | level 16 of a ziggurat)
 85544 | Zig:16   | Identified the +1 dire flail of Sydil {spect, +Blink rN+
                  | Int-2} (You found it on level 16 of a ziggurat)
 85553 | Zig:16   | Got a smoking bone ring
 85554 | Zig:16   | Identified the ring "Lamn" {Ice Dex+2} (You found it on
                  | level 16 of a ziggurat)
 85568 | Zig:17   | Entered Level 17 of a ziggurat
 85582 | Zig:17   | Noticed a royal mummy
 85588 | Zig:17   | Killed a royal mummy
 85588 | Zig:17   | Noticed a royal mummy
 85589 | Zig:17   | Killed a royal mummy
 85589 | Zig:17   | Killed a royal mummy
 85590 | Zig:17   | Killed a royal mummy
 85619 | Zig:17   | Noticed a royal mummy
 85619 | Zig:17   | Noticed a royal mummy
 85627 | Zig:17   | Killed a royal mummy
 85627 | Zig:17   | Killed a royal mummy
 85628 | Zig:17   | Noticed an ancient lich
 85630 | Zig:17   | Killed an ancient lich
 85633 | Zig:17   | Noticed a royal mummy
 85637 | Zig:17   | Killed a royal mummy
 85928 | Zig:17   | Got a warped iron ring
 85932 | Zig:17   | Identified the ring of Yruliopyre {rF+ Str+3 Stlth-} (You
                  | found it on level 17 of a ziggurat)
 85966 | Zig:18   | Entered Level 18 of a ziggurat
 86172 | Zig:19   | Entered Level 19 of a ziggurat
 86248 | Zig:19   | Identified Zeofuc's Handbook of Evil Magic and Air
 86254 | Zig:19   | Got a wavering turquoise ring
 86255 | Zig:19   | Identified the ring "Kulec" {rPois Slay+3} (You found it on
                  | level 19 of a ziggurat)
 86266 | Zig:19   | Got a translucent glass ring
 86267 | Zig:19   | Identified the ring "Lismail" {Will+ EV+4 Str-3 Dex+4} (You
                  | found it on level 19 of a ziggurat)
 86275 | Zig:20   | Entered Level 20 of a ziggurat
 86324 | Zig:20   | Identified the Incunabulum of Evil Magic
 86351 | Zig:20   | Identified the cursed +1 quarterstaff of the Land of Plenty
                  | {flame, *Corrode rN+ Int+5 Dex+2} (You found it on level 20
                  | of a ziggurat)
 86367 | Zig:20   | Identified Sif Muna's Incunabulum of Orientation and Stones
 86369 | Zig:20   | Acquired 876 gold pieces
 86374 | Zig:21   | Entered Level 21 of a ziggurat
 86425 | Zig:21   | Identified the +0 pair of boots of Vehumet's Favour {rElec
                  | Int+4} (You found it on level 21 of a ziggurat)
 86445 | Zig:22   | Entered Level 22 of a ziggurat
 86488 | Zig:22   | Found the +7 mace of Variability {chain chaos}
 86696 | Zig:22   | Got a translucent silver ring
 86697 | Zig:22   | Identified the cursed ring of Kochas {MP+9 Int-4 Stlth+}
                  | (You found it on level 22 of a ziggurat)
 86701 | Zig:22   | Identified the Catalogue of Entrancing Cold
 86731 | Zig:22   | Identified the cursed +0 pair of boots "Rufrithi" {Int+3
                  | Stlth+} (You found it on level 22 of a ziggurat)
 86737 | Zig:23   | Entered Level 23 of a ziggurat
 86768 | Zig:23   | Cast into level 2 of the Abyss (a deep elf demonologist)
 86988 | Abyss:3  | Got an abyssal rune of Zot
 87012 | Abyss:3  | Noticed a dread lich
 87016 | Abyss:3  | Killed a dread lich
 87025 | Zig:23   | Escaped the Abyss
 87727 | Zig:23   | Found the amulet of the Air {Inacc +Fly rElec EV+5 RMsl}
 87736 | Zig:23   | Got a coiled lapis lazuli ring
 87737 | Zig:23   | Identified the ring of Siebb {Ice rElec} (You found it on
                  | level 23 of a ziggurat)
 87746 | Zig:23   | Got a flickering lead ring
 87747 | Zig:23   | Identified the ring of Refoog {rPois rCorr Int+4 SInv
                  | Stlth+} (You found it on level 23 of a ziggurat)
 87773 | Zig:23   | Identified Eguyny's Collected Works on Transmutation
 87782 | Zig:24   | Entered Level 24 of a ziggurat
 87833 | Zig:24   | Reached skill level 27 in Fighting
 87856 | Zig:24   | Found the +3 robe of Clouds {+Thunder rCloud rElec}
 87879 | Zig:24   | Identified the Tome of Companions
 88099 | Zig:24   | Identified Vebuto's Almanac of Blows and Bruises and Air
 88106 | Zig:25   | Entered Level 25 of a ziggurat
 88117 | Zig:25   | Noticed a juggernaut
 88124 | Zig:25   | Killed a juggernaut
 88125 | Zig:25   | Noticed a juggernaut
 88126 | Zig:25   | Noticed a juggernaut
 88127 | Zig:25   | Noticed a juggernaut
 88127 | Zig:25   | Noticed a juggernaut
 88128 | Zig:25   | Noticed a juggernaut
 88129 | Zig:25   | Noticed a juggernaut
 88130 | Zig:25   | Killed a juggernaut
 88130 | Zig:25   | Noticed a juggernaut
 88130 | Zig:25   | Noticed a juggernaut
 88131 | Zig:25   | Killed a juggernaut
 88131 | Zig:25   | Killed a juggernaut
 88131 | Zig:25   | Killed a juggernaut
 88131 | Zig:25   | Noticed a juggernaut
 88132 | Zig:25   | Killed a juggernaut
 88133 | Zig:25   | Killed a juggernaut
 88134 | Zig:25   | Killed a juggernaut
 88134 | Zig:25   | Killed a juggernaut
 88135 | Zig:25   | Killed a juggernaut
 88135 | Zig:25   | Noticed a juggernaut
 88140 | Zig:25   | Killed a juggernaut
 88176 | Zig:25   | Identified Wovewyn's Grimoire of Glacial Calling
 88186 | Zig:25   | Identified Nysch's Papyrus of Nocuous Evil
 88194 | Zig:25   | Got a twitching pewter ring
 88196 | Zig:25   | Identified the ring "Forio" {MP+9 Int+6 SInv} (You found it
                  | on level 25 of a ziggurat)
 88277 | Zig:26   | Entered Level 26 of a ziggurat
 88581 | Zig:26   | Identified Losticwaish's Reference Book on Enchanting
                  | Lightness
 88590 | Zig:26   | Identified the Disquisition on Doomed Ice
 88609 | Zig:26   | Identified Sif Muna's Papyrus of the Igneous Mountains
 88624 | Zig:27   | Entered Level 27 of a ziggurat
 88636 | Zig:27   | Noticed a juggernaut
 88636 | Zig:27   | Noticed a juggernaut
 88640 | Zig:27   | Noticed a juggernaut
 88641 | Zig:27   | Noticed a juggernaut
 88642 | Zig:27   | Killed a juggernaut
 88642 | Zig:27   | Killed a juggernaut
 88642 | Zig:27   | Noticed a juggernaut
 88642 | Zig:27   | Noticed a juggernaut
 88643 | Zig:27   | Killed a juggernaut
 88644 | Zig:27   | Reached skill level 5 in Stealth
 88645 | Zig:27   | Killed a juggernaut
 88645 | Zig:27   | Killed a juggernaut
 88645 | Zig:27   | Noticed a juggernaut
 88646 | Zig:27   | Reached skill level 27 in Spellcasting
 88646 | Zig:27   | Killed a juggernaut
 88646 | Zig:27   | Noticed a juggernaut
 88649 | Zig:27   | Noticed a juggernaut
 88651 | Zig:27   | Killed a juggernaut
 88651 | Zig:27   | Killed a juggernaut
 88651 | Zig:27   | Noticed a juggernaut
 88651 | Zig:27   | Noticed a juggernaut
 88652 | Zig:27   | Killed a juggernaut
 88653 | Zig:27   | Noticed a juggernaut
 88654 | Zig:27   | Killed a juggernaut
 88656 | Zig:27   | Killed a juggernaut
 88657 | Zig:27   | Killed a juggernaut
 88658 | Zig:27   | Noticed a juggernaut
 88662 | Zig:27   | Killed a juggernaut
 88669 | Zig:27   | Reached skill level 15 in Stealth
 88687 | Zig:27   | Identified the +5 morningstar of Pitt {vorpal, Int+2 Dex+2}
                  | (You found it on level 27 of a ziggurat)
 88691 | Zig:27   | Identified Sif Muna's Almanac of Confrontation
 88697 | Zig:27   | Identified the Catalogue of Changing and Necromancy
 88732 | Zig:27   | Identified Buinucw's Tome of Calling
 88805 | D:15     | Upgraded the game from 0.27-a0-245-g075faa5519 to
                  | 0.27-a0-262-gc50aac273e
 88819 | Zig:1    | Entered Level 1 of a ziggurat
 88877 | Zig:2    | Entered Level 2 of a ziggurat
 88888 | Zig:2    | Learned a level 9 spell: Absolute Zero
 88890 | Zig:2    | Noticed Pumuhauq the pandemonium lord
 88892 | Zig:2    | Reached skill level 1 in Ice Magic
 88896 | Zig:2    | Killed Pumuhauq the pandemonium lord
 88927 | Zig:2    | Identified the cursed +0 helmet of Zoptaroc {rF+ Int+4
                  | SInv} (You found it on level 2 of a ziggurat)
 88992 | Zig:3    | Entered Level 3 of a ziggurat
 89019 | Zig:3    | Acquired 640 gold pieces
 89031 | Zig:4    | Entered Level 4 of a ziggurat
 89039 | Zig:4    | Reached skill level 5 in Ice Magic
 89056 | Zig:5    | Entered Level 5 of a ziggurat
 89060 | Zig:5    | Found the cursed necklace of Bloodlust {*Rage +Rage Will++
                  | Int-3 Slay+6 *Curse}
 89080 | Zig:5    | Identified Cutzef's Compendium of Execration and Battle
                  | Magic
 89095 | Zig:6    | Entered Level 6 of a ziggurat
 89142 | Zig:6    | Got a faintly glowing iron amulet
 89143 | Zig:6    | Identified the amulet of False Hope {RegenMP Str+2} (You
                  | found it on level 6 of a ziggurat)
 89152 | Zig:6    | Got a faintly glowing lapis lazuli ring
 89153 | Zig:6    | Identified the ring "Tas Geom" {rElec rPois Str-2 Int+2}
                  | (You found it on level 6 of a ziggurat)
 89157 | Zig:7    | Entered Level 7 of a ziggurat
 89190 | Zig:8    | Entered Level 8 of a ziggurat
 89322 | Zig:8    | Identified the Handbook of the Creative Glacier
 89346 | Zig:9    | Entered Level 9 of a ziggurat
 89357 | Zig:9    | Reached skill level 10 in Ice Magic
 89492 | Zig:10   | Entered Level 10 of a ziggurat
 89534 | Zig:10   | Identified the Reference Book on Dusty Toxins
 89544 | Zig:11   | Entered Level 11 of a ziggurat
 89595 | Zig:11   | Got a scorched sapphire amulet
 89596 | Zig:11   | Identified the amulet "Wipte" {Spirit Dex+2} (You found it
                  | on level 11 of a ziggurat)
 89633 | Zig:12   | Entered Level 12 of a ziggurat
 89641 | Zig:12   | Noticed a juggernaut
 89643 | Zig:12   | Noticed a juggernaut
 89644 | Zig:12   | Noticed a juggernaut
 89644 | Zig:12   | Killed a juggernaut
 89645 | Zig:12   | Killed a juggernaut
 89647 | Zig:12   | Reached skill level 15 in Ice Magic
 89648 | Zig:12   | Killed a juggernaut
 89758 | Zig:12   | Got a scorched silver ring
 89759 | Zig:12   | Identified the ring of Linearity {rN+ Slay+3} (You found it
                  | on level 12 of a ziggurat)
 89765 | Zig:12   | Identified the Incunabulum of Burning Clay
 89769 | Zig:13   | Entered Level 13 of a ziggurat
 89777 | Zig:13   | Noticed an orb of fire
 89777 | Zig:13   | Noticed an orb of fire
 89777 | Zig:13   | Noticed an orb of fire
 89777 | Zig:13   | Gained mutation: Your body sometimes deteriorates upon
                  | taking damage. [an orb of fire]
 89778 | Zig:13   | Noticed an orb of fire
 89778 | Zig:13   | Noticed an orb of fire
 89782 | Zig:13   | Noticed an orb of fire
 89782 | Zig:13   | Noticed an orb of fire
 89787 | Zig:13   | Killed an orb of fire
 89787 | Zig:13   | Gained mutation: Your body often deteriorates upon taking
                  | damage. [an orb of fire]
 89791 | Zig:13   | Killed an orb of fire
 89791 | Zig:13   | Killed an orb of fire
 89791 | Zig:13   | Lost mutation: Your mind is acute. (Int +2) [an orb of
                  | fire]
 89792 | Zig:13   | Killed an orb of fire
 89792 | Zig:13   | Killed an orb of fire
 89801 | Zig:13   | Killed an orb of fire
 89804 | Zig:13   | Killed an orb of fire
 90269 | Zig:13   | Lost mutation: Your body often deteriorates upon taking
                  | damage. [potion of mutation]
 90269 | Zig:13   | Lost mutation: Your body sometimes deteriorates upon taking
                  | damage. [potion of mutation]
 90269 | Zig:13   | Gained mutation: You possess an exceptional clarity of
                  | mind. [potion of mutation]
 90275 | Zig:13   | Acquired 1060 gold pieces
 90287 | Zig:13   | Identified the Almanac of the Icy Voyage
 90291 | Zig:13   | Identified the Guide on the Voyage and the Mountains
 90293 | Zig:13   | Identified the Reference Book on Calling
 90318 | Zig:14   | Entered Level 14 of a ziggurat
 90431 | Zig:14   | Got a pitted steel amulet
 90432 | Zig:14   | Identified the amulet "Gaconipus" {Inacc Dex+5} (You found
                  | it on level 14 of a ziggurat)
 90458 | Zig:14   | Identified The Foundations of Spellcraft
 90462 | Zig:15   | Entered Level 15 of a ziggurat
 90550 | Zig:15   | Identified the Grimoire of the Destructive Arsonist
 90554 | Zig:15   | Identified the cursed +2 morningstar "Mes Sebe" {freeze,
                  | *Noise rF+ Will++ Stlth+} (You found it on level 15 of a
                  | ziggurat)
 90561 | Zig:15   | Identified the +0 pair of boots of Rephacom {rElec} (You
                  | found it on level 15 of a ziggurat)
 90564 | Zig:15   | Identified Lung's Disquisition on Freezing Transformation
 90583 | Zig:16   | Entered Level 16 of a ziggurat
 90613 | Zig:16   | Found the +7 sceptre of Torment {pain, torment}
 90884 | Zig:16   | Identified the Papyrus of Anaesthesia
 90889 | Zig:16   | Got a pitted ivory ring
 90890 | Zig:16   | Identified the ring of Anoirch {Will- AC+4 Str+4 Dex+3}
                  | (You found it on level 16 of a ziggurat)
 90895 | Zig:16   | Identified Omofug's Handbook of Earthen Stolen Souls
 90897 | Zig:16   | Identified the Handbook of Creative Flames
 90903 | Zig:16   | Identified the Papyrus of Flames and Poisoning
 90908 | Zig:16   | Got a vibrating ruby amulet
 90909 | Zig:16   | Identified the amulet of the Tuna {Reflect rF- Int+7 Slay-6
                  | SH+5} (You found it on level 16 of a ziggurat)
 90930 | Zig:16   | Learned a level 8 spell: Lehudib's Crystal Spear
 90932 | Zig:17   | Entered Level 17 of a ziggurat
 91003 | Zig:17   | Got a faintly glowing copper amulet
 91004 | Zig:17   | Identified the amulet "Zisukk" {rC++ Regen+ MP+9 Int+3
                  | Dex+2} (You found it on level 17 of a ziggurat)
 91037 | Zig:18   | Entered Level 18 of a ziggurat
 91302 | Zig:18   | Identified the Volume of Bewitchment and Dislocation
 91318 | Zig:18   | Identified the +8 dire flail "Geopel" {spect, rElec Int+4}
                  | (You found it on level 18 of a ziggurat)
 91320 | Zig:19   | Entered Level 19 of a ziggurat
 91364 | Zig:19   | Identified the Catalogue of Glacial Fire
 91367 | Zig:19   | Identified the Incunabulum of Poisoning and the Snowflakes
 91398 | Zig:19   | Learned a level 9 spell: Tornado
 91472 | Zig:20   | Entered Level 20 of a ziggurat
 91484 | Zig:20   | Noticed an ancient lich
 91487 | Zig:20   | Noticed an ancient lich
 91487 | Zig:20   | Noticed an ancient lich
 91489 | Zig:20   | Noticed an ancient lich
 91492 | Zig:20   | Reached skill level 1 in Air Magic
 91494 | Zig:20   | Killed an ancient lich
 91494 | Zig:20   | Killed an ancient lich
 91495 | Zig:20   | Killed an ancient lich
 91496 | Zig:20   | Killed an ancient lich
 91649 | Zig:20   | Found the +6 lightning scales {run, rElec}
 91662 | Zig:20   | Got a warped glass ring
 91663 | Zig:20   | Identified the ring "Lazettann" {rN+ Str+6 SInv} (You found
                  | it on level 20 of a ziggurat)
 91673 | Zig:20   | Identified the Papyrus of Toxic Battle Magic
 91682 | Zig:20   | Identified the cursed +0 pair of boots of Ybowon {rElec
                  | rPois rN+ Dex-4} (You found it on level 20 of a ziggurat)
 91689 | Zig:20   | Got a heavily runed golden ring
 91690 | Zig:20   | Identified the ring "Fezut" {rPois rC+ MP+9 Dex+6 Slay-3}
                  | (You found it on level 20 of a ziggurat)
 91702 | Zig:21   | Entered Level 21 of a ziggurat
 91708 | Zig:21   | Noticed an orb of fire
 91708 | Zig:21   | Noticed an orb of fire
 91712 | Zig:21   | Noticed an orb of fire
 91712 | Zig:21   | Noticed an orb of fire
 91712 | Zig:21   | Gained mutation: You occasionally shout uncontrollably at
                  | your foes. [an orb of fire]
 91717 | Zig:21   | Gained mutation: Scrolls take you a little longer to read.
                  | [an orb of fire]
 91717 | Zig:21   | Noticed an orb of fire
 91718 | Zig:21   | Noticed an orb of fire
 91719 | Zig:21   | Lost mutation: You possess an exceptional clarity of mind.
                  | [an orb of fire]
 91721 | Zig:21   | Gained mutation: Your magical capacity is low. (-10% MP)
                  | [an orb of fire]
 91721 | Zig:21   | Noticed an orb of fire
 91722 | Zig:21   | Killed an orb of fire
 91722 | Zig:21   | Killed an orb of fire
 91723 | Zig:21   | Gained mutation: Your magical capacity is very low. (-20%
                  | MP) [an orb of fire]
 91724 | Zig:21   | Gained mutation: Scrolls take you longer to read. [an orb
                  | of fire]
 91724 | Zig:21   | Gained mutation: Your magical capacity is extremely low.
                  | (-30% MP) [an orb of fire]
 91726 | Zig:21   | Gained mutation: You are clumsy. (Dex -2) [an orb of fire]
 91727 | Zig:21   | Found the ring of the Mage {Wiz Will++ Int+3}
 91727 | Zig:21   | Found the +8 whip "Snakebite" {curare, rPois}
 91731 | Zig:22   | Entered Level 22 of a ziggurat
 91762 | Zig:22   | Reached skill level 15 in Air Magic
 92123 | Zig:22   | Identified the Almanac of Flamy Dislocation
 92134 | Zig:22   | Identified the Papyrus of Dislocation
 92182 | Zig:23   | Entered Level 23 of a ziggurat
 92183 | Zig:23   | Lost mutation: Scrolls take you longer to read. [potion of
                  | mutation]
 92183 | Zig:23   | Lost mutation: Your magical capacity is extremely low.
                  | (-30% MP) [potion of mutation]
 92183 | Zig:23   | Lost mutation: Your magical capacity is very low. (-20% MP)
                  | [potion of mutation]
 92183 | Zig:23   | Lost mutation: You are clumsy. (Dex -2) [potion of
                  | mutation]
 92183 | Zig:23   | Gained mutation: You are agile. (Dex +2) [potion of
                  | mutation]
 92184 | Zig:23   | Lost mutation: You are agile. (Dex +2) [potion of mutation]
 92184 | Zig:23   | Lost mutation: Scrolls take you a little longer to read.
                  | [potion of mutation]
 92184 | Zig:23   | Lost mutation: Your magical capacity is low. (-10% MP)
                  | [potion of mutation]
 92184 | Zig:23   | Lost mutation: You occasionally shout uncontrollably at
                  | your foes. [potion of mutation]
 92184 | Zig:23   | Gained mutation: You have large cloven feet. [potion of
                  | mutation]
 92184 | Zig:23   | Gained mutation: You are agile. (Dex +2) [potion of
                  | mutation]
 92184 | Zig:23   | Gained mutation: Your flesh is heat resistant. (rF+)
                  | [potion of mutation]
 92372 | Zig:23   | Got a flickering silver ring
 92373 | Zig:23   | Identified the ring "Uzuhajo" {+Blink rF- rC+ rN+++ Str-2}
                  | (You found it on level 23 of a ziggurat)
 92380 | Zig:23   | Identified Jaexuoh's Guide on Poison and Shape Shifting
 92390 | Zig:24   | Entered Level 24 of a ziggurat
 92404 | Zig:24   | Noticed an ancient lich
 92407 | Zig:24   | Killed an ancient lich
 92412 | Zig:24   | Noticed an ancient lich
 92412 | Zig:24   | Noticed an ancient lich
 92413 | Zig:24   | Killed an ancient lich
 92413 | Zig:24   | Noticed a dread lich
 92415 | Zig:24   | Killed an ancient lich
 92415 | Zig:24   | Killed a dread lich
 92415 | Zig:24   | Noticed an ancient lich
 92417 | Zig:24   | Killed an ancient lich
 92479 | Zig:24   | Got a brightly glowing bronze ring
 92480 | Zig:24   | Identified the ring of Dekkosin {Wiz Will++} (You found it
                  | on level 24 of a ziggurat)
 92489 | Zig:24   | Identified the Disquisition on Calling and Poison
 92525 | Zig:25   | Entered Level 25 of a ziggurat
 92531 | Zig:25   | Noticed a royal mummy
 92531 | Zig:25   | Noticed a royal mummy
 92533 | Zig:25   | Noticed a royal mummy
 92533 | Zig:25   | Noticed a royal mummy
 92536 | Zig:25   | Noticed a royal mummy
 92536 | Zig:25   | Noticed a royal mummy
 92536 | Zig:25   | Noticed a royal mummy
 92536 | Zig:25   | Noticed a royal mummy
 92536 | Zig:25   | Noticed a royal mummy
 92536 | Zig:25   | Noticed a royal mummy
 92537 | Zig:25   | Noticed a dread lich
 92537 | Zig:25   | Noticed a royal mummy
 92537 | Zig:25   | Noticed a royal mummy
 92537 | Zig:25   | Noticed a royal mummy
 92537 | Zig:25   | Noticed a royal mummy
 92537 | Zig:25   | Noticed a royal mummy
 92537 | Zig:25   | Noticed a royal mummy
 92537 | Zig:25   | Noticed a royal mummy
 92537 | Zig:25   | Noticed a royal mummy
 92538 | Zig:25   | Found the macabre finger necklace {rN+}
 92538 | Zig:25   | Killed a royal mummy
 92538 | Zig:25   | Killed a royal mummy
 92538 | Zig:25   | Killed a royal mummy
 92538 | Zig:25   | Killed a royal mummy
 92538 | Zig:25   | Killed a royal mummy
 92538 | Zig:25   | Killed a royal mummy
 92538 | Zig:25   | Killed a royal mummy
 92538 | Zig:25   | Killed by a guardian mummy's death curse

Illustrated notes

Levels and vault maps discovered:
D:1:      minmay_arrival_radiant_lines, layout_loops_ring
D:2:      wad_river_or_something, layout_loops_ring, nzn_hepliaklqana_mist_gate
D:3:      layout_basic, nicolae_overflow_hidden_temple,
          kennysheep_okawaru_gauntlet
D:4:      layout_cave_pods, lemuel_doored_altar, serial_shops, shop,
          st_stairs_1, corexii_shack, uniq_duvessa, uniq_blork_the_orc
D:5:      layout_cave_pools, good_gods_mini_temple, serial_shops, shop,
          uniq_edmund, uniq_sigmund
D:6:      layout_rooms, old_standard_altar
D:7:      nzn_winding_woodlands_large [nzn_winding_woodlands_hourglass,
          nzn_winding_woodlands_5x15_lazy_stream,
          nzn_winding_woodlands_5x5_checkerboard,
          nzn_winding_woodlands_center_triple_pond,
          nzn_winding_woodlands_15x15_thick_spiral,
          nzn_winding_woodlands_center_pierced_h,
          nzn_winding_woodlands_5x5_three, nzn_winding_woodlands_5x15_jagged,
          nzn_winding_woodlands_5x5_default], layout_loops_ring,
          minmay_temple_entry_proselytizer, uniq_prince_ribbit1
D:8:      layout_rooms, uniq_maggie
D:9:      minmay_the_grid_3x2 [minmay_the_grid_all_tris, minmay_the_grid_doors,
          minmay_the_grid_tiny_cups, minmay_the_grid_outer_circle,
          minmay_the_grid_gridbox, minmay_the_grid_prize_four_corners],
          layout_gridville, kennysheep_orc_monster_closet_entryway,
          hangedman_decor_push, kennysheep_generic_room_3
D:10:     layout_layer_cave, uniq_erolcha, uniq_harold
D:11:     layout_stronghold, grunt_lair_entry_orc_guard_hut, serial_shops, shop
D:12:     cheibrodos_hippocracy, layout_loops_ring
D:13:     layout_roguey, lightli_vaults_fourway_checkpoint, serial_curves,
          eino_curves_04, eino_curves_03, portal_ice_cave_entry_ice_beasts,
          nicolae_gozag_seed_capital
D:14:     layout_cave_pods, nemelex_xobeh_ov_fountains_minmay
D:15:     grunt_enter_depths_snipers, layout_cave_pools, gammafunk_ghost_ooze,
          grunt_ministairs_11
Temple:   nicolae_temple_figure_eight
Lair:1:   layout_layer_cave, serial_bayou_lake_a
Lair:2:   layout_chaotic_city, infiniplex_staircase_pool_2
Lair:3:   layout_regular_city, minivault_19, beast_lair_carwin_9
Lair:4:   layout_loops_ring, minmay_shoals_entry_hut,
          minmay_snake_entry_six_corridors, gammafunk_ghost_arena,
          zaba_antful_of_joy
Lair:5:   layout_layer_cave, minmay_slime_entry_pillars
Lair:6:   evilmike_catoblepas_cave, layout_gridlike, amcnicky_altar_gilded,
          infiniplex_staircase_pool
Shoals:1: cheibrodos_shoals_gigantism, layout_shoals
Shoals:2: layout_shoals, serial_shops, shop, ebering_ghost_davey_jones,
          uniq_ilsuiw
Shoals:3: cheibrodos_shoals_three_sisters, layout_shoals
Shoals:4: shoals_end_grunt_ice, layout_shoals
Snake:1:  layout_misc_corridors, serial_shops, shop_fountains
Snake:2:  layout_misc_corridors
Snake:3:  layout_chambers
Snake:4:  snake_pit, layout_cave_town, nicolae_snake_lava_pool,
          grunt_megastairs_2
Slime:1:  layout_caves
Slime:2:  layout_caves
Slime:3:  layout_caves, cheibrodos_slime_lost_civilization_6
Slime:4:  layout_caves
Slime:5
Orc:1:    layout_caves, serial_shops, nicolae_shop_trees
Orc:2:    st_orc_town, layout_caves, basic_altar, serial_shops,
          nicolae_shop_statue_plus, elves_outpost_lemuel
Elf:1:    minmay_elf_arrival_summoners, layout_geoelf_grid,
          portal_desolation_entry_nicolae_slug, serial_shops, shop,
          minmay_elf_sorcery, hex_medium, uniq_agnes
Elf:2:    layout_rooms, door_vault
Elf:3:    elf_hall, layout_gridlike, small_statue_intersection, st_stairs_8,
          drop_trap, hangedman_elf_targetted_burst, minmay_shoptagon
Vaults:1: nicolae_vaults_know_your_exits, nicolae_vaults_angled_halls,
          vaults_dpeg_ring, ontoclasm_vaults_eye, nicolae_vaults_theta,
          vaults_mumra_minichess, v_misc_25, vaults_dpeg_hooks,
          nicolae_vaults_alarming, layout_vaults_omnigrid, basic_altar
Vaults:2: vaults_room_door_hall, v_pattern_2, v_misc_5,
          nicolae_vaults_rhombus_7, vaults_dpeg_encased_lava,
          nicolae_vaults_triangles, vaults_mumra_chevron,
          nicolae_vaults_little_ls, st_cells, vaults_dpeg_cross,
          layout_vaults_big_room, serial_shops, shop_scrolls, shop,
          nicolae_shop_window_shopping, shop, nicolae_shop_statue_plus,
          uniq_sojobo, uniq_bai_suzhen
Vaults:3: vaults_room_door_ring, vaults_mumra_chevron_long,
          hangedman_vaults_pinch, v_misc_16, minmay_crypt_entry_simple_statues,
          v_misc_30, v_misc_4, nicolae_vaults_specimen_jars,
          ontoclasm_vaults_decontamination, v_misc_31, v_misc_5,
          ontoclasm_vaults_gallery, v_misc_8, layout_vaults_omnibox,
          uniq_asterion
Vaults:4: vaults_room_large_hall, ontoclasm_vaults_bender,
          hangedman_vaults_locks, ontoclasm_vaults_ligature,
          hangedman_vaults_snaps, nicolae_vaults_minivaults,
          hangedman_vaults_corner, grunt_vaults_funnel,
          nicolae_vaults_inception_statues,
          vaults_room_grunt_arrival_checkpoint, ontoclasm_vaults_chip,
          vaults_room_large_hall, nicolae_vaults_rhombus_6,
          layout_vaults_big_cross
Vaults:5: uniq_margery
Crypt:1:  minmay_guarded_unrand_majin_bo, layout_gridlike, uniq_mara
Crypt:2:  layout_catacombs, uniq_donald
Crypt:3:  church_of_pain_bobbens, layout_chaotic_city
Depths:1: layout_big_octagon, grunt_hell_entry_dis_grunt, abyss_entry,
          serial_sigils_hangedman_writhe, lemuel_flamethrower_2
Depths:2: grated_community_mu [grated_community_mu_vampire_home,
          grated_community_mu_giant_home, grated_community_mu_spellcaster_home,
          grated_community_mu_orcish_home, grated_community_mu_troll_home,
          grated_community_mu_taur_home, grated_community_mu_unbuilt_plot],
          layout_gridlike, abyss_entry, hell_entry, serial_corexii_hall,
          chequers_hall_statues_wall_a, chequers_hall_statues_y
Depths:3: evilmike_pillar_path, layout_cave_pools, serial_shops,
          bzr_entry_islet, amcnicky_mini_pool_small, pf_hell_entry_great_geh,
          pan_entry, kennysheep_potato
Depths:4: minmay_five_octagons, layout_cave_shapes, enter_ziggurat_d,
          serial_shops, nicolae_shop_window_shopping, hell_entry,
          abyss_entry_flame_altar, kennysheep_nub
Depths:5: grunt_zot_entry_gee_three, layout_cave_pools, hell_entry,
          hangedman_abyss_or_decor_passed, uniq_saint_roka, uniq_enchantress
Zig:25

Skill      XL: |  1  2  3  4  5  6  7  8  9 10 11 12 13 14 15 16 17 18 19 20 21 22 23 24 25 26 27 |
---------------+----------------------------------------------------------------------------------+-----
Earth Magic    | 4 5 6 7 8 9 10 11 12 13 15 16 17 18 20 22 | 22.0
Spellcasting   | 3 4 5 6 7 8 9 10 11 12 13 14 15 27 | 27.0
Maces & Flails | 1 2 3 4 5 6 7 8 9 10 11 12 13 14 15 16 | 16.0
Conjurations   | 1 2 3 4 5 6 7 8 9 10 11 12 13 14 15 16 17 20 | 20.0
Fighting       | 1 2 4 5 6 7 8 9 10 11 12 13 14 15 16 17 27 | 27.0
Armour         | 1 2 4 5 6 |  6.0
Dodging        | 2 3 4 5 6 7 8 9 10 11 12 13 18 | 18.8
Evocations     | 1 2 3 4 5 6 7 8 9 10 | 10.0
Fire Magic     | 2 5 7 9 10 12 16 17 18 19 20 22 | 22.0
Stealth        | 16 | 16.8
Ice Magic      | 20 | 20.0
Air Magic      | 19 | 19.7
Transmutations | |  0.7

Action                   |  1- 3 |  4- 6 |  7- 9 | 10-12 | 13-15 | 16-18 | 19-21 | 22-24 | 25-27 || total
-------------------------+-------+-------+-------+-------+-------+-------+-------+-------+-------++-------
Melee: Mace              |   112 |    58 |    53 |       |       |       |       |       |       ||   223
       Flail             |       |       |   167 |   426 |   700 |   828 |   501 |       |       ||  2622
       Staff             |       |       |       |       |    71 |       |       |       |       ||    71
       Eveningstar       |       |       |       |       |       |       |    37 |   458 |  1109 ||  1604
 Cast: Sandblast         |     9 |    56 |    89 |    18 |    59 |    12 |     2 |       |       ||   245
       Passwall          |       |     2 |       |       |       |       |       |       |       ||     2
       Lee's Rapid Decon |       |       |     5 |    58 |    68 |    28 |    34 |    22 |     8 ||   223
       Stone Arrow       |       |       |     2 |    33 |    22 |       |       |       |     1 ||    58
       Fireball          |       |       |       |     5 |    15 |    52 |     7 |     1 |       ||    80
       Bolt of Magma     |       |       |       |       |   128 |    98 |    14 |     7 |     6 ||   253
       Iron Shot         |       |       |       |       |    15 |   210 |   147 |    83 |   150 ||   605
       Ignition          |       |       |       |       |       |    32 |    96 |    93 |   120 ||   341
       Shatter           |       |       |       |       |       |       |       |    49 |   560 ||   609
       Fire Storm        |       |       |       |       |       |       |       |       |   124 ||   124
       Lehudib's Crystal |       |       |       |       |       |       |       |       |     1 ||     1
       Absolute Zero     |       |       |       |       |       |       |       |       |     1 ||     1
 Abil: Fly               |       |       |     1 |       |       |     1 |       |       |     1 ||     3
       Stop Flying       |       |       |       |       |       |     1 |       |       |     1 ||     2
Evoke: Wand              |       |     2 |     6 |     5 |     8 |     5 |     5 |       |     3 ||    34
       Box of beasts     |       |       |       |     1 |       |       |       |       |     3 ||     4
       Tin of tremorston |       |       |       |       |       |     5 |     4 |       |       ||     9
       Lightning rod     |       |       |       |       |       |     8 |       |       |       ||     8
       Condenser vane    |       |       |       |       |       |       |       |     1 |     3 ||     4
       Figurine of a zig |       |       |       |       |       |       |       |       |     1 ||     1
  Use: Scroll            |       |     9 |    14 |     8 |    15 |    15 |    32 |     2 |    88 ||   183
       Potion            |       |     1 |     3 |       |     2 |     2 |    17 |     7 |    38 ||    70
 Stab: Sleeping          |     3 |     4 |     4 |     9 |     1 |     4 |     3 |       |     3 ||    31
       Distracted        |       |     1 |       |       |       |     1 |     1 |       |     5 ||     8
       Paralysed         |       |       |       |     5 |    18 |       |       |       |       ||    23
Armor: Robe              |    54 |    46 |   102 |    66 |       |       |       |       |       ||   268
       Steam dragon scal |       |       |       |   204 |   477 |   533 |   479 |   341 |   954 ||  2988
       Acid dragon scale |       |       |       |       |       |       |       |       |    33 ||    33
Dodge: Dodged            |    97 |    48 |   157 |   295 |   658 |   654 |   466 |   344 |  1298 ||  4017
Block: Other             |       |       |    49 |    96 |   219 |   212 |   120 |       |       ||   696
       Reflection        |       |       |     3 |       |     5 |    14 |    26 |       |       ||    48

Table legend: (Time is in decaauts)
 A = Elapsed time spent in this place.
 B = Non-inter-level travel time spent in this place.
 C = Inter-level travel time spent in this place.
 D = Time resting spent in this place.
 E = Time spent auto-exploring this place.
 F = Levels seen in this place.
 G = Mean time per level.
                   A        B        C        D        E       F      G
               +--------+--------+--------+--------+--------+-----+--------+
         Total |  91888 |  86841 |   5047 |  21833 |  45682 | 112 |  820.4 |
       Dungeon |  21430 |  19496 |   1934 |   2573 |  12888 |  15 | 1428.7 |
        Temple |      1 |      1 |      0 |      0 |      0 |   1 |    1.0 |
          Lair |   9377 |   8620 |    757 |   1197 |   6312 |   6 | 1562.8 |
        Shoals |   7668 |   7414 |    254 |   2295 |   3558 |   4 | 1917.0 |
     Snake Pit |   7274 |   6854 |    420 |   1657 |   3941 |   4 | 1818.5 |
    Slime Pits |    946 |    925 |     21 |    548 |      0 |   5 |  189.2 |
  Orcish Mines |   3133 |   2988 |    145 |    455 |   1933 |   2 | 1566.5 |
   Elven Halls |   3952 |   3752 |    200 |    957 |   1751 |   3 | 1317.3 |
        Vaults |  12370 |  11693 |    677 |   3067 |   6861 |   5 | 2474.0 |
         Crypt |   3636 |   3429 |    207 |    269 |   2283 |   3 | 1212.0 |
        Depths |  10585 |  10157 |    428 |   2542 |   5806 |   5 | 2117.0 |
         Abyss |    522 |    522 |      0 |      4 |     78 |   4 |  130.5 |
      Ziggurat |   8536 |   8536 |      0 |   5114 |     34 |  52 |  164.2 |
        Bazaar |    168 |    168 |      0 |      0 |     79 |   1 |  168.0 |
      Ice Cave |   1193 |   1193 |      0 |    669 |    123 |   1 | 1193.0 |
    Desolation |   1091 |   1091 |      0 |    484 |     33 |   1 | 1091.0 |
               +--------+--------+--------+--------+--------+-----+--------+

Top non-repeatable levels by time:
Depths:3: 3244 daAuts
Vaults:4: 3130 daAuts
Vaults:3: 2917 daAuts
Depths:2: 2886 daAuts
Vaults:2: 2769 daAuts
 Snake:4: 2610 daAuts
Depths:4: 2493 daAuts
Shoals:4: 2484 daAuts
Shoals:3: 2304 daAuts
Vaults:1: 2165 daAuts
    D:11: 2077 daAuts
 Snake:3: 2050 daAuts
   Orc:2: 2045 daAuts
     D:4: 2019 daAuts
  Lair:5: 1899 daAuts
